 Dungeon Crawl Stone Soup version 0.24.0-37-gcf1ca852f1 (webtiles) character file.

Game seed: 15979130050977173190, levelgen mode: deterministic

1369150 FessEmpty the Swordmaster (level 27, -12/322 (323) HPs)
             Began as a Demonspawn Artificer on Dec 6, 2019.
             Was the Champion of Ru.
             Engulfed by an ushabti's foul pestilence (16 damage)
             ... on level 3 of the Tomb of the Ancients on Dec 7, 2019.
             The game lasted 08:38:01 (100486 turns).

FessEmpty the Swordmaster (Demonspawn Artificer)  Turns: 100486, Time: 08:38:01

HP:   -12/322 (323) AC: 67    Str: 21 (22) XL:     27
MP:   30/34         EV:  2    Int: 12 (19) God:    Ru [******]
Gold: 9129          SH: 34    Dex: 15 (19) Spells: 37/44 levels left

rFire    + . .     SeeInvis +   a - +10 scimitar of Hefu {freeze, *Drain rC+ MR+ Int+5}
rCold    + + +     Gourm    .   R - +8 large shield {AC+3}
rNeg     + + +     Faith    .   U - +11 gold dragon scales "Xuosuij" {*Corrode rElec rPois rF+ rC+ MR+ Dex+4}
rPois    +         Spirit   .   z - +2 helmet "Emmoxti" {SInv}
rElec    +         Reflect  .   C - +2 ratskin cloak {+Rats rPois rN+ Str-1 Int-1 Dex+1}
rCorr    .         Harm     .   G - +1 pair of gloves "Izaitu" {rN+ Int-4 Slay+3}
MR       +++++                  (boots unavailable)
Stlth    ..........             K - amulet "Onuonk" {rN+ MR+++ Regen+ Str-2 Int+6}
HPRegen  0.00/turn              W - ring of Conversion {Str+4 Slay+2 Stlth+, =R}
MPRegen  0.24/turn              w - ring "Olyluc" {+Inv rPois Slay+3}

@: exhausted, very slightly contaminated, non-regenerating, badly diseased,
slowed, lightly drained, very slow
A: hooves 3, slimy green scales 3, blurry vision 1, clumsy 1, cold resistance 1,
icemail, low mp 1, mutation resistance 1, sense surroundings 1, poison
resistance, robust 3, shaggy fur 1, electricity resistance, spiny 3, weak 1,
freezing cloud immunity, subdued magic 2, no stealth, hated by all, inability to
train dodging, no hexes magic, no ice magic, no translocations magic, reduced EV
1, magic vulnerability 1
}: 15/15 runes: serpentine, barnacled, slimy, silver, golden, iron, obsidian,
icy, bone, abyssal, demonic, glowing, magical, fiery, dark
a: Draw Out Power, Power Leap, Apocalypse, Renounce Religion, Evoke Invisibility


You were on level 3 of the Tomb of the Ancients.
You worshipped Ru.
Ru was exalted by your worship.
You were near starving.

You visited 16 branches of the dungeon, and saw 83 of its levels.
You visited Pandemonium 1 time, and saw 24 of its levels.
You visited the Abyss 4 times.
You visited 1 ziggurat, and saw 8 of its levels.
You also visited: Ossuary and Desolation.

You collected 13384 gold pieces.
You spent 4255 gold pieces at shops.

Inventory:

Hand Weapons
 a - the +10 scimitar of Hefu (weapon) {freeze, *Drain rC+ MR+ Int+5}
   (You bought it in a shop on level 1 of the Shoals)

   It has been specially enchanted to freeze those struck by it, causing extra
   injury to most foes and up to half again as much damage against particularly
   susceptible opponents.
   It can also slow down cold-blooded creatures.
   It affects your intelligence (+5).
   It protects you from cold.
   It affects your resistance to hostile enchantments.
   It causes draining when unequipped.
 J - the +10 falchion of Grontol {speed, MR+ Dex+2}
   (You took it off Antaeus on level 7 of Cocytus)

   Attacks with this weapon are significantly faster.
   It affects your dexterity (+2).
   It affects your resistance to hostile enchantments.
Missiles
 n - 59 silver javelins (quivered)
 H - 9 throwing nets
Armour
 z - the +2 helmet "Emmoxti" (worn) {SInv}
   (You acquired it on level 3 of the Depths)

   It lets you see invisible.
 C - the +2 ratskin cloak (worn) {+Rats rPois rN+ Str-1 Int-1 Dex+1}
   (You found it on level 3 of the Crypt)

   It affects your strength (-1).
   It affects your intelligence (-1).
   It affects your dexterity (+1).
   It protects you from poison.
   It protects you from negative energy.
 G - the +1 pair of gloves "Izaitu" (worn) {rN+ Int-4 Slay+3}
   (You found it on level 5 of the Pits of Slime)

   It affects your intelligence (-4).
   It affects your accuracy and damage with ranged weapons and melee attacks
   (+3).
   It protects you from negative energy.
 R - a +8 large shield of protection (worn)
 U - the +11 gold dragon scales "Xuosuij" (worn) {*Corrode rElec rPois rF+ rC+ MR+ Dex+4}
   (You bought it in a shop on level 3 of the Snake Pit)

   It affects your dexterity (+4).
   It protects you from fire.
   It protects you from cold.
   It insulates you from electricity.
   It protects you from poison.
   It affects your resistance to hostile enchantments.
   It may corrode you when you take damage.
Jewellery
 c - a ring of the Octopus King {rF+ AC+1 EV+1 Str+1 Int+1 Dex+1}
   (You found it on level 3 of the Depths)

   [ring of protection from fire]

   It affects your AC (+1).
   It affects your evasion (+1).
   It affects your strength (+1).
   It affects your intelligence (+1).
   It affects your dexterity (+1).
   It protects you from fire.
 r - an uncursed ring of protection from fire
 w - the ring "Olyluc" (right hand) {+Inv rPois Slay+3}
   (You found it in Pandemonium)

   [ring of poison resistance]

   It affects your accuracy and damage with ranged weapons and melee attacks
   (+3).
   It protects you from poison.
   It lets you turn invisible.
 D - an uncursed ring of resist corrosion
 K - the amulet "Onuonk" (around neck) {rN+ MR+++ Regen+ Str-2 Int+6}
   (You found it on level 4 of the Lair of Beasts)

   [amulet of regeneration]

   It affects your strength (-2).
   It affects your intelligence (+6).
   It protects you from negative energy.
   It affects your resistance to hostile enchantments.
   It increases your rate of regeneration.
 W - the ring of Conversion (left hand) {Str+4 Slay+2 Stlth+, =R}
   (You found it on level 6 of the Lair of Beasts)

   [ring of slaying]

   It affects your strength (+4).
   It affects your accuracy and damage with ranged weapons and melee attacks
   (+2).
   It makes you more stealthy.
Wands
 d - a wand of scattershot (12)
 l - a wand of paralysis (37)
 s - a wand of digging (21)
 y - a wand of acid (34)
 I - a wand of iceblast (48)
 M - a wand of clouds (12)
 X - a wand of disintegration (24)
Scrolls
 e - 2 scrolls of enchant armour
 i - 33 scrolls of remove curse
 o - 5 scrolls of teleportation
 v - 4 scrolls of identify
 A - 5 scrolls of magic mapping
 B - 2 scrolls of brand weapon
 L - 3 scrolls of fog
 O - 2 scrolls of silence
 P - 3 scrolls of enchant weapon
 Y - 5 scrolls of fear
Potions
 b - 2 potions of brilliance
 j - 11 potions of flight
 p - 6 potions of ambrosia
 t - 14 potions of curing
 u - 6 potions of magic
 x - 22 potions of mutation
 F - 4 potions of resistance
 Q - 4 potions of invisibility
 S - 10 potions of agility
 T - 5 potions of berserk rage
 V - a potion of experience
Miscellaneous
 g - a fan of gales (inert)
 k - a lightning rod (4/4)
Comestibles
 f - 68 rations


   Skills:
 O Level 27(26.6) Fighting
   Level 0.8(18.5) Short Blades
 O Level 27(26.6) Long Blades
 - Level 0.5(0.3) Throwing
 O Level 27(26.6) Armour
 O Level 27(26.6) Shields
 - Level 9.0(8.8) Spellcasting
 - Level 11.0(10.7) Charms
 - Level 11.0(10.7) Necromancy
 + Level 21.9(21.7) Evocations


You had 37 spell levels left.
You knew the following spells:

 Your Spells              Type           Power        Failure   Level  Hunger
a - Blink                 Tloc           N/A          87%         2    None
c - Song of Slaying       Chrm           ###.....     1%          2    None
z - Regeneration          Chrm/Necr      ###.......   2%          3    ##.....

Your spell library contained the following spells:

 Spells                   Type           Power        Failure   Level  Hunger
 Infusion                 Chrm           ###.         1%          1    None
 Pain                     Necr           ###.         1%          1    None
 Corpse Rot               Necr           N/A          1%          2    None
 Sublimation of Blood     Necr           ###.......   1%          2    None
 Vampiric Draining        Necr           ###.......   2%          3    ##.....
 Swiftness                Chrm/Air       ##......     16%         2    None
 Agony                    Necr           ###.....     34%         5    #####..
 Dispel Undead            Necr           ###.....     34%         5    #####..
 Excruciating Wounds      Chrm/Necr      ###.......   34%         5    #####..
 Beastly Appendage        Tmut           #.....       73%         1    None
 Flame Tongue             Conj/Fire      #....        73%         1    None
 Magic Dart               Conj           #...         73%         1    None
 Sandblast                Erth           #.....       73%         1    None
 Shock                    Conj/Air       #...         73%         1    None
 Sting                    Conj/Pois      #...         73%         1    None
 Passwall                 Tmut/Erth      #.......     87%         2    None
 Poisonous Vapours        Pois/Air       #.....       87%         2    None
 Throw Flame              Conj/Fire      #.....       87%         2    None
 Conjure Flame            Conj/Fire      #.......     98%         3    ##.....
 Ignite Poison            Fire/Tmut/Pois #.......     98%         3    ##.....
 Mephitic Cloud           Conj/Pois/Air  #.......     98%         3    ##.....
 Spider Form              Tmut/Pois      #.........   98%         3    ##.....
 Static Discharge         Conj/Air       #.......     98%         3    ##.....
 Stone Arrow              Conj/Erth      #.....       98%         3    ##.....
 Bolt of Draining         Conj/Necr      ##........   98%         5    #####..
 Borgnjor's Vile Clutch   Necr/Erth      ##........   98%         5    #####..
 Iskenderun's Battlesphe  Conj/Chrm      ##......     98%         5    #####..
 Airstrike                Air            #.........   100%        4    ####...
 Olgreb's Toxic Radiance  Pois           #.......     100%        4    ####...
 Petrify                  Tmut/Erth      #.......     100%        4    ####...
 Sticky Flame             Conj/Fire      #.......     100%        4    ####...
 Alistair's Intoxication  Tmut/Pois      #.......     100%        5    #####..
 Aura of Abjuration       Summ           #.........   100%        5    #####..
 Blade Hands              Tmut           #.........   100%        5    #####..
 Bolt of Magma            Conj/Fire/Erth #.........   100%        5    #####..
 Fireball                 Conj/Fire      #.........   100%        5    #####..
 Irradiate                Conj/Tmut      #.........   100%        5    #####..
 Lee's Rapid Deconstruct  Erth           #.........   100%        5    #####..
 Lightning Bolt           Conj/Air       #.........   100%        5    #####..
 Venom Bolt               Conj/Pois      #.........   100%        5    #####..
 Bolt of Fire             Conj/Fire      #.........   100%        6    #######
 Conjure Ball Lightning   Conj/Air       #.........   100%        6    #######
 Deflect Missiles         Chrm/Air       ##........   100%        6    #######
 Hydra Form               Tmut           #.........   100%        6    #######
 Iron Shot                Conj/Erth      #.........   100%        6    #######
 Poison Arrow             Conj/Pois      #.........   100%        6    #######
 Statue Form              Tmut/Erth      #........    100%        6    #######
 Dragon Form              Tmut           #.........   100%        7    #######
 Orb of Destruction       Conj           #.........   100%        7    #######
 Ring of Flames           Chrm/Fire      ##........   100%        7    #######
 Borgnjor's Revivificati  Necr           ###.......   100%        8    #######
 Chain Lightning          Conj/Air       #.........   100%        8    #######
 Death's Door             Chrm/Necr      ###.......   100%        8    #######
 Ignition                 Fire           #.........   100%        8    #######
 Lehudib's Crystal Spear  Conj/Erth      #.........   100%        8    #######
 Necromutation            Tmut/Necr      ##........   100%        8    #######
 Fire Storm               Conj/Fire      #.........   100%        9    #######
 Shatter                  Erth           #.........   100%        9    #######
 Tornado                  Air            #.........   100%        9    #######
 Animate Skeleton         Necr           Unusable     N/A         1    N/A
 Animate Dead             Necr           Unusable     N/A         4    N/A
 Shroud of Golubria       Chrm/Tloc      Unusable     N/A         2    N/A
 Ozocubu's Armour         Chrm/Ice       Unusable     N/A         3    N/A
 Spectral Weapon          Hex/Chrm       Unusable     N/A         3    N/A
 Apportation              Tloc           Unusable     N/A         1    N/A
 Confusing Touch          Hex            Unusable     N/A         1    N/A
 Corona                   Hex            Unusable     N/A         1    N/A
 Freeze                   Ice            Unusable     N/A         1    N/A
 Summon Butterflies       Summ           Unusable     N/A         1    N/A
 Summon Small Mammal      Summ           Unusable     N/A         1    N/A
 Call Imp                 Summ           Unusable     N/A         2    N/A
 Ensorcelled Hibernation  Hex/Ice        Unusable     N/A         2    N/A
 Slow                     Hex            Unusable     N/A         2    N/A
 Sticks to Snakes         Tmut           Unusable     N/A         2    N/A
 Throw Frost              Conj/Ice       Unusable     N/A         2    N/A
 Death Channel            Necr           Unusable     N/A         6    N/A
 Call Canine Familiar     Summ           Unusable     N/A         3    N/A
 Confuse                  Hex            Unusable     N/A         3    N/A
 Dazzling Spray           Conj/Hex       Unusable     N/A         3    N/A
 Gell's Gravitas          Tloc           Unusable     N/A         3    N/A
 Inner Flame              Hex/Fire       Unusable     N/A         3    N/A
 Lesser Beckoning         Tloc           Unusable     N/A         3    N/A
 Portal Projectile        Hex/Tloc       Unusable     N/A         3    N/A
 Recall                   Summ/Tloc      Unusable     N/A         3    N/A
 Summon Guardian Golem    Hex/Summ       Unusable     N/A         3    N/A
 Teleport Other           Tloc           Unusable     N/A         3    N/A
 Tukima's Dance           Hex            Unusable     N/A         3    N/A
 Cause Fear               Hex            Unusable     N/A         4    N/A
 Fulminant Prism          Conj/Hex       Unusable     N/A         4    N/A
 Ice Form                 Ice/Tmut       Unusable     N/A         4    N/A
 Leda's Liquefaction      Hex/Erth       Unusable     N/A         4    N/A
 Passage of Golubria      Tloc           Unusable     N/A         4    N/A
 Summon Ice Beast         Ice/Summ       Unusable     N/A         4    N/A
 Summon Lightning Spire   Summ/Air       Unusable     N/A         4    N/A
 Throw Icicle             Conj/Ice       Unusable     N/A         4    N/A
 Metabolic Englaciation   Hex/Ice        Unusable     N/A         5    N/A
 Silence                  Hex/Air        Unusable     N/A         5    N/A
 Summon Demon             Summ           Unusable     N/A         5    N/A
 Summon Forest            Summ/Tloc      Unusable     N/A         5    N/A
 Summon Mana Viper        Hex/Summ       Unusable     N/A         5    N/A
 Yara's Violent Unravell  Hex/Tmut       Unusable     N/A         5    N/A
 Bolt of Cold             Conj/Ice       Unusable     N/A         6    N/A
 Darkness                 Hex            Unusable     N/A         6    N/A
 Dispersal                Tloc           Unusable     N/A         6    N/A
 Freezing Cloud           Conj/Ice/Air   Unusable     N/A         6    N/A
 Invisibility             Hex            Unusable     N/A         6    N/A
 Ozocubu's Refrigeration  Ice            Unusable     N/A         6    N/A
 Shadow Creatures         Summ           Unusable     N/A         6    N/A
 Simulacrum               Ice/Necr       Unusable     N/A         6    N/A
 Haunt                    Necr/Summ      Unusable     N/A         7    N/A
 Malign Gateway           Summ/Tloc      Unusable     N/A         7    N/A
 Monstrous Menagerie      Summ           Unusable     N/A         7    N/A
 Spellforged Servitor     Conj/Summ      Unusable     N/A         7    N/A
 Summon Greater Demon     Summ           Unusable     N/A         7    N/A
 Summon Hydra             Summ           Unusable     N/A         7    N/A
 Discord                  Hex            Unusable     N/A         8    N/A
 Infestation              Necr           Unusable     N/A         8    N/A
 Summon Horrible Things   Summ           Unusable     N/A         8    N/A
 Glaciate                 Conj/Ice       Unusable     N/A         9    N/A

Dungeon Overview and Level Annotations

Branches:
Dungeon (15/15)            Temple (0/1) D:6            Lair (6/6) D:8
 Shoals (4/4) Lair:3        Snake (4/4) Lair:3        Slime (5/5) Lair:6
    Orc (2/2) D:12            Elf (3/3) Orc:2        Vaults (5/5) D:14
  Crypt (3/3) Vaults:2       Tomb (3/3) Crypt:3      Depths (5/5) D:15
   Hell (visited)             Dis (7/7) Hell            Geh (7/7) Hell
    Coc (7/7) Hell            Tar (7/7) Hell            Zot (0/5) Depths:5
Ossuary (visited)         Desolation (visited)

Altars:
Cheibriados
Fedhas
Kikubaaqudgha
Makhleb
Nemelex Xobeh
Ru
Uskayaw
Wu Jian
Xom
Yredelemnul
Beogh
Jiyva
Lugonu

Shops:
D:5 (   D:11 (   Orc:2 [=(([   Elf:1 *   Elf:2 =   Elf:3 %   Shoals:1 (
Shoals:2 [*}:(   Shoals:4 ((=   Snake:3 *(   Vaults:1 (   Vaults:2 }
Vaults:3 ?

Portals:
Hell: Depths:1 Depths:2 Depths:3 Depths:4 Depths:5
Abyss: Depths:1 Depths:2 Depths:3 Depths:4 Depths:5
Pandemonium: Depths:3

Annotations:
Lair:1 exclusion: 3 oklob plants
Shoals:1 Roxanne
Snake:2 2 runed translucent doors, Sagen's ghost, adept DrCj
Coc:7 exclusion: 3 ice statues


Innate Abilities, Weirdness & Mutations

You have hooves in place of feet.
You are completely covered in slimy green scales. (AC +4, rPois)
Your flesh is cold resistant. (rC+)
A meltable icy envelope protects you from harm. (AC +10)
Your magical capacity is low. (-10% MP)
You are extremely robust. (+30% HP)
You are completely covered in sharp spines.
You are immune to freezing clouds.
You cannot be stealthy.
You are hated by all.
You cannot train Dodging skill.
You cannot study or cast Hexes magic.
You cannot study or cast Ice magic.
You cannot study or cast Translocations magic.
You have somewhat slow reflexes. (EV -5)
You are slightly vulnerable to magic. (MR-)
Scrolls take you a little longer to read.
You are clumsy. (Dex -2)
You are somewhat resistant to further mutation.
You passively map a small area around you.
Your system is resistant to poisons. (rPois)
You are covered in fur. (AC +1)
You are resistant to electric shocks. (rElec)
You are weak. (Str -2)
Your spells are easier to cast, but less powerful.


Message History

You redirect the death scarab's attack!
The death scarab bites itself!
You block the death scarab's attack.
The death scarab is stunned by your will and fails to attack.
The death scarab is struck by your spines.
The death scarab bites you but does no damage.
The death scarab is stunned by your will and fails to attack.
You block the jiangshi's attack.
The jiangshi claws you but does no damage.
The death scarab is struck by your spines.
The death scarab bites you.
* * * LOW HITPOINT WARNING * * *
The death scarab drains your vigour!
You feel as though you will be slow longer.
You focus your will and slow the death scarab in retribution!
The death scarab is stunned by your will and fails to attack.
You block the death scarab's attack.
The death scarab bites you but does no damage.
You block the death scarab's attack.
You redirect the flying skull's attack!
The flying skull hits itself but does no damage.
The death scarab bites you!
* * * LOW HITPOINT WARNING * * *
The death scarab drains your vigour!
You feel as though you will be slow longer.
You block the flying skull's attack. You block the jiangshi's attack.
The jiangshi claws you but does no damage.
Okay, then.
You feel much better. You block the death scarab's attack.
The death scarab is stunned by your will and fails to attack.
You block the death scarab's attack.
The death scarab is struck by your spines.
You destroy the death scarab!
The death scarab bites you!
* * * LOW HITPOINT WARNING * * *
The death scarab drains your vigour!
You feel as though you will be slow longer.
You block the jiangshi's attack. x2; The death scarab bites you!
* * * LOW HITPOINT WARNING * * *
You focus your will and illuminate the death scarab in retribution!
You block the flying skull's attack.
You redirect the death scarab's attack!
The death scarab bites the flying skull!
The death scarab bites you but does no damage.
The flying skull is stunned by your will and fails to attack.
Okay, then.
Evoke which item? (* to show all) (? for menu, Esc to quit)
A mighty gale blasts forth from the fan!
The monsters around you are blown away! You block the death scarab's attack. x3
The death scarab is struck by your spines.
The death scarab bites you but does no damage.
The death scarab is struck by your spines.
You destroy the death scarab!
You feel your intelligence returning. You block the death scarab's attack.
The death scarab bites you!
* * * LOW HITPOINT WARNING * * *
You focus your will and slow the death scarab in retribution! 2 ushabtiu come into view.
The death scarab is no longer moving slowly.
You block the death scarab's attack.
The death scarab is stunned by your will and fails to attack.
The death scarab bites you but does no damage. x2
The mummy priest calls on the powers of darkness!
Your body is wracked with pain!
* * * LOW HITPOINT WARNING * * *
You focus your will and slow the mummy priest in retribution!
The greater mummy gestures wildly while chanting.
You feel much better. You block the death scarab's attack. x2
You block the flying skull's attack.
The death scarab is struck by your spines.
The death scarab bites you but does no damage. x2
The flying skull is stunned by your will and fails to attack.
You redirect the greater mummy's attack!
The ushabti shakes and rattles deafeningly!
You block the flying skull's attack.
The death scarab is struck by your spines.
The death scarab bites you.
* * * LOW HITPOINT WARNING * * *
The death scarab drains your vigour!
You feel as though you will be slow longer.
The death scarab bites you but does no damage.
You hear a hideous shriek!
You feel much better.
You redirect the death scarab's attack!
The death scarab bites the death scarab!!
You block the death scarab's attack. x2
The flying skull hits you but does no damage.
You block the death scarab's attack.
The ushabti begins to attack, but is stunned by your will!
The mummy priest calls on the powers of darkness!
Your body is wracked with pain!
* * * LOW HITPOINT WARNING * * *
The death scarab is stunned by your will and fails to attack.
The greater mummy calls on the powers of darkness!
Your body is wracked with pain!
* * * LOW HITPOINT WARNING * * *
The flying skull hits you but does no damage.
The ushabti shakes and rattles deafeningly!
The ushabti shakes and rattles.
The vile air hits the greater mummy.
The vile air hits the death scarab but does no damage.
The vile air hits the death scarab.
The vile air hits you but does no damage.
You block the death scarab's attack.
The mummy priest mumbles some strange prayers to its god.
You feel much better.
You are engulfed in dark miasma.
You feel less exhausted.
The death scarab is struck by your spines.
You destroy the death scarab!
You block the death scarab's attack. x2
The death scarab bites you but does no damage.
The flying skull is stunned by your will and fails to attack.
The greater mummy gestures at you while chanting.
Something smites you!
* * * LOW HITPOINT WARNING * * *
You block the death scarab's attack. You block the flying skull's attack.
The ushabti shakes and rattles deafeningly!
You hear a hideous shriek!
You hear a shout!
Aiming: Power Leap
Press: ? - help, Dir - move target cursor
Okay, then.
You are no longer corroded.
The death scarab bites you but does no damage.
You block the death scarab's attack.
The flying skull is struck by your spines.
You destroy the flying skull!
You redirect the ushabti's attack!
The ushabti shakes and rattles deafeningly!
The greater mummy begins to cast a spell, but is stunned by your will!
The greater mummy calls on the powers of darkness!
Your body is wracked with pain!
* * * LOW HITPOINT WARNING * * *
You focus your will and illuminate the greater mummy in retribution!
You block the death scarab's attack. You block the shadow's attack.
You hear a screech!
Found 46 gold pieces and a pair of glowing gloves.
You see here a death scarab corpse.
Aiming: Power Leap
Press: ? - help, Dir - move target cursor You destroy the wight!
The fire dragon simulacrum vapourises!
The flying skull gives a hideous shriek!
The phantasmal warrior disappears in a puff of smoke!
You block the mummy priest's attack.
The hungry ghost is stunned by your will and fails to attack.
The ushabti begins to attack, but is stunned by your will!
You block the mummy priest's attack.
The ushabti shakes and rattles.
The vile air hits you but does no damage.
The vile air hits the shadow.
Found seven items.
The mummy priest is no longer moving slowly.
You redirect the shadow's attack!
The ushabti shakes and rattles.
The vile air hits the flying skull!
The ushabti shakes and rattles deafeningly!
The ushabti shakes and rattles.
The vile air hits the mummy.
The vile air hits you but does no damage.
The vile air hits the mummy priest but does no damage.
The mummy priest begins to pray, but is stunned by your will!
The mummy priest is stunned by your will and fails to attack.
You block the shadow's attack.
You hear a hideous shriek!
Found a book of Ice and a runed hand axe.
You are engulfed in dark miasma.
You feel as though you will be slow longer.
* * * LOW HITPOINT WARNING * * *
You block the flying skull's attack. You block the death scarab's attack.
You block the flying skull's attack.
The ushabti shakes and rattles deafeningly! x2
You block the death scarab's attack.
The mummy priest calls down the wrath of its god upon you.
Something smites you!
* * * LOW HITPOINT WARNING * * *
The ushabti shakes and rattles deafeningly!
The mummy is struck by your spines. The mummy hits you but does no damage.
You redirect the shadow's attack!
The shadow slips into darkness.
The shadow flickers and vanishes for a moment.
The mummy priest mumbles some strange prayers to its god against you.
Something smites you!
* * * LOW HITPOINT WARNING * * *
You block the flying skull's attack.
Found a scale mail.
Really read with blurry vision while enemies are nearby?
You are engulfed in dark miasma.
* * * LOW HITPOINT WARNING * * *
You block the death scarab's attack.
The ushabti shakes and rattles.
The vile air hits the guardian mummy.
The vile air hits the flying skull.
The ushabti shakes and rattles.
The vile air hits the mummy.
The mummy is destroyed!
The vile air hits you but does no damage.
You block the flying skull's attack.
You begin reading the scroll.
You continue reading the scroll.
You are engulfed in dark miasma.
You feel your flesh rotting away!
You feel ill.
You feel as though you will be slow longer.
You die...

,,#3.8MM8#.......$[:})**
,,#.§8MZM#......$$$}=:[#*
,,+..§Z○W'.......$$)|=:)#*
,,#M.8...#8M^..)..$(}[::[#
,,#..z..8#.°M.....$$:$$|:#
,*#....8.##^○§..%.§$$$$$|#
,##...88M##.^○M..○....$$[#
##..MMMM☼§##...z.☼......$#
#.....M.M§M##<.8@.......#*
......8zM.☼§##..WsMs....#
....MsM.s§MW☼##8ssW...###
.M.Mss.§Ms.§§§##s.M.###
......MsMs.M.§####'#####
......s§MzsM.s§..#†V†.M##
.........§.§.s§M.###.†z.##
..........§§..§§§.###s.M.#
..########§.§.8....###°M.#


You could see 2 mummy priests, a jiangshi, 3 guardian mummies, 3 ushabtiu, a
hungry ghost, 6 death scarabs, a shadow (invisible) and a flying skull.

Vanquished Creatures
  Cerebov (Pan)
  Antaeus (Coc:7)
  Asmodeus (Geh:7)
  Ereshkigal (Tar:7)
  the Royal Jelly (Slime:5)
  the Serpent of Hell (Tar:7)
  Mnoleg (Pan)
  Gloorx Vloq (Pan)
  6 pandemonium lords
  Lom Lobon (Pan)
  Dispater (Dis:7)
  4 ancient liches
  Mennas (Pan)
  28 greater mummies
  Sojobo (Crypt:3)
  Boris (Crypt:3)
  Saint Roka (Snake:2)
  Margery (Depths:5)
  7 shard shrikes
  Frederick (Vaults:2)
  Vashnia (Snake:3)
  A curse toe (Crypt:3)
  Bai Suzhen (Snake:4)
  3 golden dragons
  Geryon (Hell)
  9 bone dragons
  A profane servitor (Abyss:1)
  15 liches
  8 doom hounds
  A shard shrike zombie (Crypt:3)
  The ghost of Kucw the Warrior, an adept GrFi of Cheibriados (Crypt:2)
  22 Brimstone Fiends
  A hellephant (Zig:4)
  8 iron giants
  30 Tzitzimimeh
  Rupert (Orc:2)
  20 Ice Fiends
  9 tentacled monstrosities
  7 Hell Sentinels
  Asterion (D:15)
  3 deep elf blademasters (Elf:3)
  7 quicksilver dragons
  8 titans
  23 acid blobs
  12 sphinxes
  3 deep elf master archers
  An eldritch tentacle (Dis:7)
  14 tentacled starspawn
  20 Executioners
  10 shadow dragons
  6 warmongers (Pan)
  12 tengu reavers
  4 storm dragons
  29 ancient champions
  Frances (Shoals:1)
  9 nagarajas
  7 revenants
  Ilsuiw (Shoals:3)
  13 azure jellies
  21 frost giants
  Donald (Crypt:1)
  A daeva (Abyss:1)
  10 fire giants
  9 iron dragons
  Louise (Elf:2)
  4 deep elf sorcerers (Elf:3)
  6 black suns
  4 curse skulls
  17 vault wardens
  2 draconian knights (Zig:5)
  2 orc warlords
  2 draconian scorchers (Depths:5)
  An imperial myrmidon (Desolation)
  29 balrugs
  23 cacodemons
  Aizul (Snake:4)
  6 deep elf elementalists
  A spriggan defender (Depths:3)
  13 ghouls
  70 reapers
  46 very ugly things
  10 ironheart preservers
  21 stone giants
  36 war gargoyles
  3 draconian annihilators (Pan)
  4 blood saints (Pan)
  5 vampire knights
  An entropy weaver (Vaults:4)
  A green draconian (Depths:5)
  4 corrupters (Pan)
  8 deep elf demonologists
  2 bennus (Tomb:1)
  2 ophanim
  A black draconian (Depths:5)
  A dire elephant (shapeshifter) (Depths:2)
  6 lorocyprocas
  2 purple draconians (Abyss:1)
  7 deep elf annihilators
  4 yellow draconians
  7 spark wasps
  A red draconian (Depths:5)
  A minotaur (Shoals:1)
  2 halazid warlocks (Desolation)
  10 death oozes
  14 crystal guardians
  5 deep elf death magi
  6 eidola
  5 merfolk javelineers
  15 jiangshi
  24 blizzard demons
  13 ettins
  3 green deaths (Pan)
  5 ragged hierophants (Desolation)
  3 merfolk impalers
  4 quicksilver dragon zombies
  24 mummy priests
  20 ogre magi
  A spectral kraken (Tar:7)
  4 deep elf high priests
  11 yaktaur captains
  34 vault guards
  6 great orbs of eyes
  13 fire dragons
  8 rakshasas
  3 hydras
  A quicksilver dragon skeleton (Geh:7)
  Harold (D:8)
  11 peacekeepers (Desolation)
  4 monstrous demonspawn (Pan)
  17 ice dragons
  7 servants of whispers (Desolation)
  2 great orbs of eyes (shapeshifter) (Abyss:5)
  3 spriggan air magi
  13 naga warriors
  3 catoblepae
  Erolcha (D:13)
  A ghost crab (Tar:3)
  18 anacondas
  4 hell beasts
  12 centaur warriors
  3 merfolk aquamancers (Shoals:4)
  An ice dragon (shapeshifter) (Depths:2)
  An alligator snapping turtle (shapeshifter) (Depths:2)
  8 death knights
  A two-headed ogre (shapeshifter) (Vaults:4)
  46 dancing weapons
  56 two-headed ogres
  3 satyrs
  A death yak (shapeshifter) (Depths:3)
  12 deep troll shamans
  8 orc high priests
  31 death scarabs
  5 tengu warriors
  8 death yaks
  36 hell hogs
  9 deep troll earth magi
  8 spriggan berserkers
  8 vampire magi
  18 naga sharpshooters
  9 thrashing horrors
  16 shock serpents
  7 titan zombies
  A storm dragon zombie (Geh:1)
  7 titan skeletons
  14 iron golems
  55 sun demons
  49 soul eaters
  11 sea snakes
  7 wretched stars
  Nergalle (Lair:3)
  23 hell knights
  2 ghost moth zombies
  99 skeletal warriors
  13 iron trolls
  29 deep elf knights
  4 salamander mystics
  3 spatial maelstroms
  An unseen horror (shapeshifter) (Vaults:4)
  15 shadow wraiths
  6 storm dragon skeletons
  24 sixfirhies
  10 torturous demonspawn
  8 wizards
  14 unseen horrors
  11 anaconda zombies
  23 deep trolls
  2 gelid demonspawn (Pan)
  A quicksilver dragon simulacrum (Tomb:1)
  4 kraken simulacra (Coc:7)
  38 shadow demons
  2 deep trolls (shapeshifter)
  6 golden dragon zombies
  20 ironbrand convokers
  5 infernal demonspawn (Pan)
  12 flayed ghosts
  7 golden dragon skeletons
  6 naga ritualists
  4 shadow dragon zombies
  9 glowing orange brains
  A lindwurm (shapeshifter) (Depths:2)
  A lindwurm (Lair:6)
  4 obsidian statues (Depths:2)
  8 mana vipers
  19 necromancers
  5 fire giant zombies
  Pikel (D:6)
  17 deep elf archers
  16 phantasmal warriors
  6 wolf spider zombies
  14 anaconda skeletons
  3 iron dragon zombies
  3 frost giant zombies
  12 orc knights
  A harpy (shapeshifter) (Vaults:4)
  50 large abominations
  A faun (shapeshifter) (Depths:2)
  3 orc sorcerers
  9 shining eyes
  4 wolf spiders
  19 harpies
  51 ugly things
  14 manticores
  A cyclops (shapeshifter) (Abyss:5)
  9 fauns
  19 salamanders
  11 cyclopes
  4 worldbinders
  10 stone giant zombies
  5 shadow dragon skeletons
  47 black mambas
  71 deep elf magi
  4 dire elephant zombies
  8 frost giant skeletons
  A tengu skeleton (Vaults:3)
  6 eyes of devastation
  2 manticores (shapeshifter)
  7 merfolk sirens
  3 iron dragon skeletons
  15 molten gargoyles
  3 guardian serpents (shapeshifter) (Abyss:5)
  6 elephants
  2 spriggan zombies
  3 stone giant skeletons
  4 shock serpent zombies
  2 gargoyles
  15 naga magi
  9 fire giant skeletons
  37 rust devils
  10 spectral swamp worms (Tar:7)
  8 water nymphs
  6 human skeletons
  5 dire elephant skeletons
  4 guardian serpents
  2 apocalypse crabs
  14 vault sentinels
  4 titan simulacra (Coc:7)
  A shock serpent skeleton (Pan)
  8 spiny frogs
  28 smoke demons
  2 eyes of devastation (shapeshifter)
  24 orange demons
  6 storm dragon simulacra (Coc:7)
  2 centaur skeletons
  A spiny frog (shapeshifter) (Depths:5)
  23 hellions
  A catoblepas zombie (Tar:3)
  An emperor scorpion zombie (Coc:7)
  13 efreet
  A redback zombie (Crypt:2)
  5 rime drakes
  54 starcursed masses
  6 komodo dragons
  13 ancient zymes
  6 demonic crawlers (Pan)
  A minotaur zombie (Geh:2)
  26 ice devils
  A komodo dragon (shapeshifter) (Elf:2)
  69 yaktaurs
  26 freezing wraiths
  6 anaconda simulacra (Coc:7)
  32 tormentors
  10 hydra zombies
  A merfolk (shapeshifter) (Elf:3)
  4 harpy zombies
  2 tengu conjurers
  8 hellwings (Pan)
  18 small abominations
  3 catoblepas skeletons
  A jumping spider (Vaults:4)
  29 red devils
  A ghost moth simulacrum (Abyss:1)
  A yaktaur skeleton (Vaults:1)
  30 guardian mummies
  6 meliai
  2 polar bears (Lair:6)
  Prince Ribbit (Lair:1)
  6 hydra skeletons
  A meliai (shapeshifter) (Depths:1)
  49 saltlings (Desolation)
  6 hornets
  23 merfolk
  5 wind drakes
  7 silent spectres
  2 wolf spider simulacra
  6 trolls
  4 harpy skeletons
  29 raiju
  6 alligator zombies
  7 ettin zombies
  150 slime creatures
  2 stone giant simulacra
  A hippogriff (shapeshifter) (Depths:2)
  A human simulacrum (Vaults:3)
  21 blink frogs
  9 bog bodies (Coc:7)
  5 dream sheep
  A frost giant simulacrum (Crypt:3)
  3 fire dragon zombies
  10 hippogriffs
  An iron dragon simulacrum (Crypt:3)
  5 snapping turtles
  7 fire dragon skeletons
  126 flying skulls
  2 ice dragon skeletons
  17 ynoxinuls
  20 ushabtiu
  24 shadows
  4 ice dragon zombies
  A spriggan (shapeshifter) (Depths:4)
  6 air elementals
  A yak (shapeshifter) (Vaults:2)
  25 wraiths
  A redback (Vaults:4)
  20 water elementals
  A wind drake zombie (Crypt:3)
  39 yaks
  5 fire bats
  2 vampires
  Sigmund (D:6)
  2 basilisks
  4 wyverns
  2 black mamba zombies (Geh:7)
  3 alligator skeletons
  A hog (shapeshifter) (Vaults:4)
  A human (shapeshifter) (Vaults:1)
  4 ettin skeletons
  21 neqoxecs
  2 golden eyes (shapeshifter)
  29 golden eyes
  35 fire elementals
  15 chaos spawn
  9 hungry ghosts
  A faun zombie (Crypt:2)
  3 wargs
  63 nagas
  A soldier ant (D:13)
  3 spatial vortices
  2 insubstantial wisps (Depths:2)
  4 acid dragons
  An ogre skeleton (Vaults:1)
  8 spiny frog zombies
  A water nymph zombie (Crypt:3)
  57 hell hounds
  5 hydra simulacra (Coc:7)
  20 water moccasins
  A water moccasin (shapeshifter) (Vaults:4)
  9 porcupines
  2 ogre zombies
  57 orc warriors
  A floating eye (Depths:3)
  2 slaves (D:6)
  10 ice beasts
  3 spiny frog skeletons
  4 swamp dragon zombies
  2 alligator simulacra (Hell)
  A hornet zombie (Crypt:2)
  A snapping turtle zombie (Coc:7)
  41 ogres
  9 sky beasts
  2 black bears (shapeshifter)
  An ettin simulacrum (Hell)
  19 necrophages
  2 eyes of draining (shapeshifter)
  7 phantoms
  A tengu (shapeshifter) (Depths:2)
  14 eyes of draining
  7 boggarts
  A manticore zombie (Tar:7)
  A wolf (shapeshifter) (Vaults:4)
  4 wolves (Lair:6)
  2 manticore skeletons
  30 centaurs
  6 snapping turtle skeletons
  7 crocodiles
  2 swamp dragon skeletons
  17 big kobolds
  12 bullfrogs
  An elf zombie (Ossuary)
  A wyvern zombie (Crypt:3)
  A komodo dragon skeleton (Crypt:1)
  12 earth elementals
  3 gnoll sergeants (D:12)
  A hippogriff skeleton (Crypt:2)
  A spiny frog simulacrum (Coc:2)
  A yak zombie (Crypt:1)
  14 killer bees
  2 scorpions
  A troll skeleton (Tar:7)
  40 wights
  6 howler monkeys
  A spriggan skeleton (Dis:2)
  3 bullfrog zombies
  3 electric eels (Snake:1)
  19 crimson imps
  7 jellies
  3 centaur zombies
  9 hounds
  3 bullfrog skeletons
  A quasit (Abyss:1)
  3 human zombies
  30 orc priests
  14 iron imps
  Terence (D:3)
  7 hell rats (Lair:5)
  A porcupine zombie (Crypt:2)
  Natasha (D:3)
  6 iguanas
  32 orc wizards
  10 worker ants
  A porcupine skeleton (Crypt:3)
  2 tengu zombies
  A naga zombie (Tar:2)
  A big kobold zombie (Ossuary)
  2 naga skeletons (Crypt:2)
  2 hound zombies
  4 hound skeletons
  45 mummies
  A steam dragon zombie (Crypt:1)
  17 adders
  A gnoll (shapeshifter) (Vaults:5)
  8 gnolls
  A howler monkey skeleton (D:7)
  A naga simulacrum (Tomb:1)
  14 shadow imps
  5 white imps
  4 ufetubi (Abyss:1)
  A worm zombie (Crypt:3)
  An adder zombie (D:8)
  A lava snake skeleton (Crypt:2)
  A lava snake zombie (Crypt:3)
  An adder skeleton (D:9)
  2 halfling skeletons
  5 ball lightnings (Pan)
  8 leopard geckos
  80 orcs
  5 bats
  10 giant cockroaches
  11 goblins
  6 hobgoblins
  17 jackals
  12 kobolds
  2 quokkas
  6 ball pythons
  3 frilled lizards
  A goblin zombie (Ossuary)
  8 hobgoblin zombies (Ossuary)
  3 jackal skeletons
  A jackal zombie (Ossuary)
  12 kobold zombies
  An orc skeleton (Pan)
  10 orc zombies (Ossuary)
  A quokka skeleton (D:4)
  A quokka zombie (D:6)
  4 rats
  3 rat zombies (Ossuary)
  A fire vortex (Geh:7)
  7 fungi
  2 lurking horrors
  4 plants
  11 starspawn tentacles
  7 tentacles
4880 creatures vanquished.

Vanquished Creatures (others)
  2 shard shrikes (Coc:7)
  An Ice Fiend (Dis:7)
  A titan (Vaults:4)
  A deep elf master archer (Elf:3)
  2 Executioners (Pan)
  Gastronok (Lair:2)
  A tengu reaver (Vaults:5)
  3 reapers
  A war gargoyle (Dis:7)
  A spriggan defender (Depths:3)
  An elemental wellspring (Coc:7)
  An ironheart preserver (Vaults:5)
  A vampire knight (Crypt:2)
  A deep elf demonologist (Elf:3)
  A deep elf annihilator (Vaults:3)
  3 blizzard demons
  A death ooze (Slime:2)
  A crystal guardian (Depths:2)
  An eidolon (Crypt:2)
  2 ettins
  A merfolk javelineer (Shoals:4)
  2 jiangshi
  A yaktaur captain (Depths:5)
  A great orb of eyes (Depths:1)
  A hydra (Lair:5)
  A naga warrior (Snake:4)
  2 ice dragons (Coc:7)
  A spriggan air mage (Depths:2)
  A death yak (Lair:6)
  2 deep troll shamans (Depths:4)
  A two-headed ogre (Vaults:4)
  4 thrashing horrors
  A vampire mage (Tar:6)
  2 hell hogs
  A wretched star (Abyss:5)
  2 deep elf knights
  2 sixfirhies
  A titan skeleton (Tar:7)
  An iron troll (Depths:4)
  A shadow wraith (Vaults:4)
  A deep troll (Depths:1)
  A glowing orange brain (Depths:2)
  2 shadow demons
  A flayed ghost (Geh:7)
  2 deep elf magi
  2 ugly things
  A cyclops (Vaults:2)
  A stone giant zombie (Hell)
  A manticore (Shoals:4)
  A dire elephant zombie (Tar:6)
  A moth of wrath (shapeshifter) (Depths:3)
  A titan simulacrum (Coc:7)
  A water nymph (shapeshifter) (Depths:2)
  A rust devil (Dis:3)
  A smoke demon (Pan)
  An orange demon (Pan)
  A spiny frog (Lair:4)
  A hellion (Geh:7)
  3 yaktaurs
  2 freezing wraiths
  A hydra zombie (Coc:7)
  A red devil (Geh:6)
  A hydra skeleton (Coc:7)
  A wind drake (Depths:2)
  A raiju (Abyss:1)
  A meliai (Shoals:1)
  A hippogriff (D:12)
  3 saltlings (Desolation)
  2 slime creatures
  A snapping turtle (Shoals:4)
  An ettin zombie (Dis:7)
  4 flying skulls
  2 yaks (Lair:5)
  2 wraiths
  An ushabti (Tomb:2)
  2 chaos spawn
  A fire bat (Abyss:3)
  A golden eye (Slime:5)
  A fire elemental (Depths:2)
  A large abomination (Pan)
  A naga (Snake:1)
  A porcupine (Lair:3)
  2 hell hounds
  2 orc warriors
  2 necrophages
  An eye of draining (Abyss:3)
  A centaur (Vaults:4)
  2 ogres
  A boggart (Vaults:2)
  A bullfrog (Lair:3)
  An earth elemental (Depths:2)
  A wight (Dis:2)
  2 crimson imps
  2 hounds
  3 orc priests
  An orc wizard (D:14)
  A mummy (Tomb:3)
  A gnoll (D:12)
  2 white imps (Coc:7)
  25 ball lightnings
  5 orcs
  A jackal (D:6)
  A quokka (D:6)
  A kobold zombie (Hell)
  7 fungi
  2 lurking horrors (Abyss:5)
  43 plants
  41 starspawn tentacles
  39 tentacles
304 creatures vanquished.

Grand Total: 5184 creatures vanquished

Notes
Turn   | Place    | Note
-------+----------+-------------------------------------------
     0 | D:1      | FessEmpty the Demonspawn Artificer began the quest for the
                  | Orb.
     0 | D:1      | Reached XP level 1. HP: 15/15 MP: 3/3
   306 | D:1      | Gained mutation: Your flesh is cold resistant. (rC+)
                  | [demonic ancestry]
   306 | D:1      | Reached XP level 2. HP: 22/22 MP: 4/4
  1534 | D:2      | Gained mutation: You are partially covered in sharp spines.
                  | [demonic ancestry]
  1534 | D:2      | Reached XP level 3. HP: 28/29 MP: 5/5
  1753 | D:2      | Reached XP level 4. HP: 37/37 MP: 6/6
  2312 | D:3      | Noticed Terence
  2314 | D:3      | Killed Terence
  2635 | D:3      | Found a snail-covered altar of Cheibriados.
  2641 | D:3      | Found a sacrificial altar of Ru.
  2647 | D:3      | Became a worshipper of Ru the Awakened
  2700 | D:3      | Noticed Natasha
  2706 | D:3      | Killed Natasha
  2706 | D:3      | Gained mutation: You have large cloven feet. [demonic
                  | ancestry]
  2706 | D:3      | Reached XP level 5. HP: 29/43 MP: 7/7
  2842 | D:4      | Reached skill level 5 in Fighting
  2871 | D:4      | Noticed a phantom
  2893 | D:4      | Killed a phantom
  3093 | D:4      | Reached XP level 6. HP: 51/51 MP: 8/8
  3188 | D:4      | Found an ancient bone altar of Kikubaaqudgha.
  3612 | D:5      | Entered Level 5 of the Dungeon
  3786 | D:5      | Found Viugetz's Antique Weapon Shoppe.
  3799 | D:5      | Reached skill level 1 in Shields
  4177 | D:5      | Gained mutation: You have somewhat slow reflexes. (EV -5)
                  | [Ru sacrifice]
  4177 | D:5      | Reached * piety under Ru
  4257 | D:5      | Found a sparkling altar of Nemelex Xobeh.
  4264 | D:5      | Found an ornate altar of the Wu Jian Council.
  4405 | D:5      | Gained mutation: You have hoof-like feet. [demonic
                  | ancestry]
  4405 | D:5      | Reached XP level 7. HP: 54/58 MP: 9/9
  4976 | D:6      | Noticed Sigmund
  4977 | D:6      | Killed Sigmund
  5463 | D:6      | Noticed Pikel
  5525 | D:6      | Killed Pikel
  5525 | D:6      | Reached XP level 8. HP: 38/67 MP: 10/10
  5669 | D:6      | Reached skill level 5 in Armour
  5824 | D:6      | Found a staircase to the Ecumenical Temple.
  6112 | D:7      | Reached skill level 5 in Shields
  6112 | D:7      | Reached XP level 9. HP: 46/74 MP: 11/11
  6379 | D:7      | Found a shimmering altar of Xom.
  6632 | D:7      | Gained mutation: You are hated by all. [Ru sacrifice]
  6632 | D:7      | Reached ** piety under Ru
  6884 | D:8      | Found a sand-covered staircase.
  6891 | Ossuary  | Entered an ossuary
  7259 | D:8      | Found a staircase to the Lair.
  7340 | D:8      | Noticed Harold
  7502 | D:9      | Noticed a two-headed ogre
  7507 | D:9      | Killed a two-headed ogre
  7532 | D:8      | Killed Harold
  7532 | D:8      | Gained mutation: You are partially covered in slimy green
                  | scales. (AC +2) [demonic ancestry]
  7532 | D:8      | Reached XP level 10. HP: 28/83 MP: 12/12
  7871 | D:8      | Noticed a two-headed ogre
  7890 | D:8      | Killed a two-headed ogre
  7916 | D:8      | Reached skill level 10 in Fighting
  7924 | D:8      | Gained mutation: You cannot train Dodging skill. [Ru
                  | sacrifice]
  7924 | D:8      | Reached *** piety under Ru
  8296 | D:8      | Identified the +2 robe "Xujona" {rC+ Int+5}
  8568 | D:9      | Got a fine hand axe
  8855 | D:9      | Found a burning altar of Makhleb.
  9196 | D:10     | Entered Level 10 of the Dungeon
  9231 | D:10     | Noticed a two-headed ogre
  9237 | D:10     | Killed a two-headed ogre
  9360 | D:10     | Gained mutation: You are mostly covered in sharp spines.
                  | [demonic ancestry]
  9360 | D:10     | Reached XP level 11. HP: 63/92 MP: 8/13
  9976 | D:10     | Got a faintly glowing lapis lazuli ring
  9978 | D:10     | Identified the ring of the King {Dex+3 Stlth+} (You found
                  | it on level 10 of the Dungeon)
 10019 | D:10     | Paralysed by a hornet for 2 turns
 11052 | D:11     | Found a snail-covered altar of Cheibriados.
 11341 | D:11     | Noticed a two-headed ogre
 11350 | D:11     | Killed a two-headed ogre
 11613 | D:11     | Found Imeas's Weapon Emporium.
 11988 | Lair:1   | Entered Level 1 of the Lair of Beasts
 12172 | Lair:1   | Noticed Prince Ribbit
 12183 | Lair:1   | Killed Prince Ribbit
 12479 | Lair:1   | Noticed an oklob plant
 12479 | Lair:1   | Noticed an oklob plant
 12479 | Lair:1   | Noticed an oklob plant
 13233 | Lair:2   | Reached skill level 10 in Armour
 13287 | Lair:2   | Noticed Gastronok
 13302 | Lair:2   | Killed Gastronok
 13302 | Lair:2   | Gained mutation: You are robust. (+10% HP) [demonic
                  | ancestry]
 13302 | Lair:2   | Reached XP level 12. HP: 52/112 MP: 14/14
 13543 | Lair:2   | Gained mutation: Your magical capacity is low. (-10% MP)
                  | [Ru sacrifice]
 13543 | Lair:2   | Reached **** piety under Ru
 13651 | Lair:2   | Reached skill level 10 in Shields
 14699 | Lair:3   | Found a staircase to the Snake Pit.
 15104 | Lair:3   | Found a staircase to the Shoals.
 15124 | Lair:3   | Noticed Nergalle
 15136 | Lair:3   | Killed Nergalle
 16053 | Lair:4   | Got a faintly glowing lead amulet
 16371 | Lair:4   | Identified the amulet "Onuonk" {rN+ MR+++ Regen+ Str-2
                  | Int+6} (You found it on level 4 of the Lair of Beasts)
 16518 | Lair:5   | Noticed a five-headed hydra
 16694 | Lair:4   | Found a blossoming altar of Fedhas.
 17538 | Lair:5   | You fall into a shaft and drop 1 floor!
 17538 | Lair:6   | Entered Level 6 of the Lair of Beasts
 17588 | Lair:6   | Gained mutation: You have hooves in place of feet. [demonic
                  | ancestry]
 17588 | Lair:6   | Reached XP level 13. HP: 82/122 MP: 9/13
 17686 | Lair:6   | Identified a scroll of acquirement
 17687 | Lair:6   | Got an ivory longbow
 17694 | Lair:6   | Identified the +9 longbow "Kekol" {velocity, *Corrode rPois
                  | Dex+3} (You acquired it on level 6 of the Lair of Beasts)
 19634 | Lair:6   | Found a staircase to the Slime Pits.
 19634 | Lair:6   | Found a viscous altar of Jiyva.
 22331 | Lair:6   | Got a transparent jade ring
 22333 | Lair:6   | Identified the ring of Conversion {Str+4 Slay+2 Stlth+}
                  | (You found it on level 6 of the Lair of Beasts)
 22580 | D:8      | Got a slimy short sword
 22581 | D:8      | Identified the +10 short sword of Hatelo {venom, Str+2}
                  | (You found it on level 8 of the Dungeon)
 22727 | D:12     | Found a blossoming altar of Fedhas.
 22757 | D:12     | Reached skill level 1 in Long Blades
 23359 | D:12     | Gained mutation: You are completely covered in sharp
                  | spines. [demonic ancestry]
 23359 | D:12     | Reached XP level 14. HP: 105/132 MP: 14/14
 23390 | D:12     | Found a staircase to the Orcish Mines.
 23572 | D:13     | Reached skill level 5 in Long Blades
 24592 | D:13     | Noticed Erolcha
 25198 | D:14     | Found a gate to the Vaults.
 25403 | D:13     | Gained mutation: You cannot be stealthy. [Ru sacrifice]
 25403 | D:13     | Reached ***** piety under Ru
 25417 | D:13     | Killed Erolcha
 26205 | D:15     | Entered Level 15 of the Dungeon
 26225 | D:15     | Reached skill level 10 in Long Blades
 26658 | D:15     | Found a staircase to the Depths.
 26658 | D:15     | Noticed a frost giant
 26675 | D:15     | Killed a frost giant
 26909 | D:15     | Got an ichor-stained morningstar
 26910 | D:15     | Identified the cursed +1 morningstar of Untimely Demise
                  | {drain, +Fly SInv} (You found it on level 15 of the
                  | Dungeon)
 27083 | D:15     | Gained mutation: You are very robust. (+20% HP) [demonic
                  | ancestry]
 27083 | D:15     | Reached XP level 15. HP: 124/151 MP: 15/15
 27348 | Orc:1    | Entered Level 1 of the Orcish Mines
 27857 | Orc:2    | Entered Level 2 of the Orcish Mines
 27857 | Orc:2    | Found Asoygosimu's Armour Shop.
 28049 | Orc:2    | Noticed Rupert
 28065 | Orc:2    | Killed Rupert
 28264 | Orc:2    | Found a staircase to the Elven Halls.
 28723 | Orc:2    | Found Wustrir's Jewellery Shop.
 28723 | Orc:2    | Found Eniefev's Antique Armour Boutique.
 28723 | Orc:2    | Found Hint's Weapon Boutique.
 28757 | Orc:2    | Found Cobeqes's Antique Weapon Shop.
 29077 | Orc:2    | Bought a pair of glowing gloves for 262 gold pieces
 29150 | Elf:1    | Entered Level 1 of the Elven Halls
 29574 | Shoals:1 | Entered Level 1 of the Shoals
 29853 | Shoals:1 | Found a hide-covered altar of Uskayaw.
 30031 | Shoals:1 | Identified Roxanne's Reference Book on Shape Shifting
 30031 | Shoals:1 | Noticed Roxanne
 30341 | Shoals:1 | Noticed Frances
 30364 | Shoals:1 | Killed Frances
 30544 | Shoals:1 | Found Enedothe's Antique Weapon Shop.
 30558 | Shoals:1 | Bought a scorched scimitar for 396 gold pieces
 30558 | Shoals:1 | Identified the +10 scimitar of Hefu {freeze, *Drain rC+ MR+
                  | Int+5} (You bought it in a shop on level 1 of the Shoals)
 30614 | Shoals:2 | Found Balot's Assorted Antiques.
 30809 | Shoals:2 | Found Rouricw's Antique Weapon Shoppe.
 30833 | Shoals:2 | Got a faintly glowing crystal plate armour
 30851 | Shoals:2 | Identified the +1 crystal plate armour "Gecon" {rC+++ MR-
                  | Str-3 Dex+5} (You acquired it on level 2 of the Shoals)
 31033 | Shoals:2 | Found Seeleb's Book Shoppe.
 31467 | Shoals:2 | Reached XP level 16. HP: 153/159 MP: 16/16
 31541 | Shoals:2 | Reached skill level 15 in Long Blades
 31578 | Shoals:2 | Found Hiesm's Armour Shop.
 31661 | Shoals:2 | Found Jiogotwa's Gadget Shoppe.
 31838 | Shoals:3 | Noticed Ilsuiw
 31962 | Shoals:3 | Killed Ilsuiw
 32551 | Shoals:4 | Entered Level 4 of the Shoals
 32788 | Shoals:4 | Identified the +7 plate armour of Refoptoops {Regen+ Str+3}
                  | (You found it on level 4 of the Shoals)
 32884 | Shoals:4 | Found Fiafaty's Jewellery Boutique.
 32941 | Shoals:4 | Identified the Volume of Supportive Stolen Souls
 33129 | Shoals:4 | Identified the cursed ring of Past Mistakes {rF- rC+++
                  | Int-2 SInv Stlth+} (You found it on level 4 of the Shoals)
 33359 | Shoals:4 | Got a barnacled rune of Zot
 33521 | Shoals:4 | Found Waedaih's Antique Weapon Shop.
 33529 | Shoals:4 | Found Enogaick's Antique Weapon Shoppe.
 33777 | Shoals:4 | Bought an uncursed ring of poison resistance for 320 gold
                  | pieces
 33848 | Snake:1  | Entered Level 1 of the Snake Pit
 34666 | Snake:1  | Reached XP level 17. HP: 145/166 MP: 12/17
 35857 | Snake:2  | Noticed Saint Roka
 36034 | Snake:2  | Killed Saint Roka
 36224 | Snake:2  | Found a large runed translucent door.
 36225 | Snake:2  | Found a large runed translucent door.
 36231 | Snake:2  | Noticed Sagen's ghost (adept DrCj)
 36443 | Snake:3  | Noticed Vashnia
 36634 | Snake:3  | Killed Vashnia
 36847 | Snake:3  | Identified the +5 dagger of the Unliving {venom, rElec MR+}
 37256 | Snake:3  | Found Ustieg's Weapon Boutique.
 37259 | Snake:3  | Found Jiesuf's Assorted Antiques.
 37704 | Snake:4  | Entered Level 4 of the Snake Pit
 37898 | Snake:4  | Gained mutation: You are immune to freezing clouds.
                  | [demonic ancestry]
 37898 | Snake:4  | Reached XP level 18. HP: 175/175 MP: 18/18
 38429 | Snake:4  | Noticed Aizul
 38446 | Snake:4  | Killed Aizul
 38994 | Snake:4  | Reached skill level 15 in Armour
 39074 | Snake:4  | Noticed Bai Suzhen
 39147 | Snake:4  | Killed Bai Suzhen
 39322 | Snake:4  | Reached skill level 15 in Shields
 39500 | Snake:4  | Got a serpentine rune of Zot
 40068 | Vaults:1 | Entered Level 1 of the Vaults
 40423 | Vaults:1 | Found Buduon's Antique Weapon Shoppe.
 41218 | Vaults:1 | Gained mutation: You are mostly covered in slimy green
                  | scales. (AC +3) [demonic ancestry]
 41218 | Vaults:1 | Reached XP level 19. HP: 179/182 MP: 19/19
 41687 | Vaults:2 | Found a ruined gateway.
 41721 | Desolati | Entered the Desolation of Salt
 42639 | Desolati | Got a sparkling emerald amulet
 42640 | Desolati | Identified the amulet "Cydeor Imue" {Inacc Str+4} (You
                  | found it in the Desolation of Salt)
 42651 | Desolati | Got a twitching brass ring
 42652 | Desolati | Identified the ring of the Zebra {Fire MP+9 Int+2 Stlth+}
                  | (You found it in the Desolation of Salt)
 42796 | Desolati | Identified the Papyrus of Toxins
 42798 | Desolati | Identified the Guide on Dusty Beguiling
 43960 | Vaults:2 | Noticed Frederick
 43972 | Vaults:2 | Killed Frederick
 43973 | Vaults:2 | Gained mutation: You are extremely robust. (+30% HP)
                  | [demonic ancestry]
 43973 | Vaults:2 | Reached XP level 20. HP: 174/206 MP: 20/20
 44550 | Vaults:2 | Found Qozxax's Gadget Emporium.
 44923 | Vaults:2 | Found a staircase to the Crypt.
 45527 | Vaults:3 | Found Aboadim's Magic Scroll Emporium.
 46055 | Snake:3  | Bought heavily runed gold dragon scales for 1700 gold
                  | pieces
 46055 | Snake:3  | Identified the +11 gold dragon scales "Xuosuij" {*Corrode
                  | rElec rPois rF+ rC+ MR+ Dex+4} (You bought it in a shop on
                  | level 3 of the Snake Pit)
 48226 | Vaults:4 | Reached XP level 21. HP: 214/214 MP: 20/20
 48786 | Elf:1    | Found Xufisal's Assorted Antiques.
 49053 | Elf:1    | Gained mutation: You are slightly vulnerable to magic.
                  | (MR-) [Ru sacrifice]
 50163 | Elf:2    | Found Ded Paho's Jewellery Emporium.
 50202 | Elf:2    | Found a huge runed translucent gate.
 50202 | Elf:2    | Found a huge runed translucent gate.
 50202 | Elf:2    | Found a huge runed translucent gate.
 50202 | Elf:2    | Found a huge runed translucent gate.
 50202 | Elf:2    | Found a huge runed translucent gate.
 50370 | Elf:2    | Noticed Louise
 50406 | Elf:2    | Killed Louise
 50705 | Elf:1    | Bought a bound golden ring for 200 gold pieces
 50705 | Elf:1    | Identified the ring "Gush" {rElec MP+9 Stlth+} (You bought
                  | it in a shop on level 1 of the Elven Halls)
 50764 | Elf:3    | Entered Level 3 of the Elven Halls
 50819 | Elf:3    | Found a roughly hewn altar of Beogh.
 51091 | Elf:3    | Found Fugevaun's Food Shop.
 51724 | Elf:3    | Identified the ring "Matt" {Str+2 Dex+5 Stlth+}
 51862 | Elf:3    | Gained mutation: Your spells are a little easier to cast,
                  | but a little less powerful. [a neqoxec]
 52105 | Elf:3    | Identified the ring "Owamot" {+Fly rElec}
 52122 | Elf:3    | Gained mutation: A meltable icy envelope protects you from
                  | harm. (AC +10) [demonic ancestry]
 52122 | Elf:3    | Reached XP level 22. HP: 190/223 MP: 21/21
 52208 | Elf:3    | Identified the amulet "Teas" {Faith +Fly rC+ rN++}
 52217 | Elf:3    | Gained mutation: You are dopey. (Int -2) [a cacodemon]
 52299 | Elf:3    | Identified the Guide on Conjuration
 52310 | Elf:3    | Identified Kuumadogh's Collected Works on Creative Moulding
 52380 | Elf:3    | Identified Fodeaga's Papyrus of Ashen Transmutation
 52461 | Elf:3    | Got a warped dagger
 52462 | Elf:3    | Identified the +8 dagger "Vij Hely" {drain, +Fly rC- MR-
                  | Stlth+} (You found it on level 3 of the Elven Halls)
 52851 | Vaults:3 | Bought a scroll of acquirement for 936 gold pieces
 53099 | Depths:1 | Entered Level 1 of the Depths
 53113 | Depths:1 | Noticed Asterion
 53289 | D:15     | Killed Asterion
 53293 | D:15     | Learned a level 2 spell: Blink
 53297 | D:15     | Learned a level 3 spell: Regeneration
 53300 | D:15     | Learned a level 2 spell: Song of Slaying
 53377 | Depths:1 | Found a corrupted altar of Lugonu.
 53412 | Depths:1 | Identified the +3 trident "Aklis" {elec, Int+3}
 53415 | Depths:1 | Reached skill level 1 in Necromancy
 53464 | Depths:1 | Reached skill level 1 in Charms
 54286 | Depths:1 | Found a one-way gate to the infinite horrors of the Abyss.
 54414 | Depths:1 | Found a gateway to Hell.
 54676 | Depths:2 | Reached skill level 1 in Spellcasting
 54859 | Depths:2 | Reached skill level 5 in Necromancy
 54900 | Depths:2 | Noticed a caustic shrike
 54900 | Depths:2 | an acid blob changed into a caustic shrike
 54903 | Depths:2 | a caustic shrike changed into a shadow dragon
 55374 | Depths:2 | Reached skill level 15 in Fighting
 55467 | Depths:2 | Got a warped shield
 55478 | Depths:2 | Identified the +5 shield of Lethargy {Str+2 Int+2 Dex+2
                  | Stlth-} (You found it on level 2 of the Depths)
 55548 | Depths:2 | Found the +3 robe of Folly {Archmagi, MR-- Int+5}
 55599 | Depths:2 | Reached skill level 5 in Charms
 56060 | Depths:2 | Got a crude great sword
 56061 | Depths:2 | Identified the +8 great sword "Urren" {elec, *Noise MR++
                  | Dex+3} (You found it on level 2 of the Depths)
 56228 | Depths:3 | Gained mutation: You cannot study or cast Ice magic. [Ru
                  | sacrifice]
 56228 | Depths:3 | Gained mutation: You cannot study or cast Hexes magic. [Ru
                  | sacrifice]
 56228 | Depths:3 | Gained mutation: You cannot study or cast Translocations
                  | magic. [Ru sacrifice]
 56228 | Depths:3 | Reached ****** piety under Ru
 56261 | Depths:3 | Reached XP level 23. HP: 233/233 MP: 25/25
 56269 | Depths:3 | Found a one-way gate leading to the halls of Pandemonium.
 56774 | Depths:3 | Identified the Compendium of Ash
 56778 | Depths:3 | Identified the +2 helmet "Emmoxti" {SInv} (You acquired it
                  | on level 3 of the Depths)
 57034 | Depths:3 | Paralysed by a floating eye for 3 turns
 57044 | Depths:3 | Paralysed by a floating eye for 3 turns
 57351 | Depths:3 | Found the ring of the Octopus King
 57367 | Depths:3 | Got a ring of the Octopus King
 57369 | Depths:3 | Identified a ring of the Octopus King {rF+ AC+1 EV+1 Str+1
                  | Int+1 Dex+1} (You found it on level 3 of the Depths)
 58106 | Depths:4 | Reached skill level 5 in Spellcasting
 58190 | Depths:4 | Found a gateway to a ziggurat.
 58192 | Depths:4 | Reached XP level 24. HP: 206/243 MP: 27/27
 58192 | Depths:4 | Reached XP level 25. HP: 213/251 MP: 27/27
 58921 | Depths:5 | Entered Level 5 of the Depths
 59014 | Depths:5 | Noticed Margery
 59038 | Depths:5 | Killed Margery
 59398 | Depths:5 | Found a gate to the Realm of Zot.
 59711 | Depths:5 | Gained mutation: You are completely covered in slimy green
                  | scales. (AC +4, rPois) [demonic ancestry]
 59711 | Depths:5 | Reached XP level 26. HP: 263/263 MP: 29/29
 59794 | Depths:5 | Found a snail-covered altar of Cheibriados.
 60186 | Depths:5 | Voluntarily entered the Abyss.
 60507 | Abyss:1  | Reached skill level 10 in Necromancy
 60622 | Abyss:1  | Paralysed by you for 4 turns
 61139 | Abyss:2  | Found a corrupted altar of Lugonu.
 61282 | Abyss:5  | Entered Level 5 of the Abyss
 61282 | Abyss:5  | Found a viscous altar of Jiyva.
 61581 | Depths:5 | Escaped the Abyss
 61881 | Depths:5 | Voluntarily entered the Abyss.
 61982 | Abyss:1  | Found a shimmering altar of Xom.
 62010 | Abyss:1  | Noticed an ancient lich
 62019 | Abyss:1  | Killed an ancient lich
 62019 | Abyss:1  | Reached skill level 10 in Charms
 62618 | Abyss:4  | Noticed an ancient lich
 62636 | Abyss:4  | Killed an ancient lich
 62652 | Abyss:5  | Entered Level 5 of the Abyss
 62822 | Abyss:5  | Reached XP level 27. HP: 196/279 MP: 19/29
 62910 | Abyss:5  | Found a corrupted altar of Lugonu.
 63115 | Abyss:5  | Paralysed by accursed screaming for 2 turns
 63128 | Abyss:5  | Paralysed by accursed screaming for 1 turns
 63134 | Abyss:5  | Paralysed by accursed screaming for 1 turns
 63139 | Depths:5 | Escaped the Abyss
 63292 | Depths:5 | Voluntarily entered the Abyss.
 63428 | Abyss:3  | Noticed an ancient lich
 63434 | Abyss:3  | Killed an ancient lich
 63478 | Abyss:3  | Got an abyssal rune of Zot
 63514 | Depths:5 | Escaped the Abyss
 63844 | Crypt:1  | Entered Level 1 of the Crypt
 63869 | Crypt:1  | Noticed Donald
 63872 | Crypt:1  | Killed Donald
 65127 | Crypt:2  | Found a runed translucent door.
 65128 | Crypt:2  | Noticed Kucw's ghost (adept GrFi)
 65201 | Crypt:2  | Killed Kucw's ghost
 65243 | Crypt:3  | Entered Level 3 of the Crypt
 65589 | Crypt:3  | Noticed an ancient lich
 65754 | Crypt:3  | Found a staircase to the Tomb.
 65814 | Crypt:3  | Got a brightly glowing helmet
 65815 | Crypt:3  | Identified the +0 helmet "Zorregodgh" {Dex+3} (You acquired
                  | it on level 3 of the Crypt)
 65912 | Crypt:3  | Noticed Sojobo
 65976 | Crypt:3  | Killed Sojobo
 66375 | Crypt:3  | Killed an ancient lich
 66536 | Crypt:3  | Noticed Boris
 66560 | Crypt:3  | Killed Boris
 66932 | Crypt:3  | Found an ancient bone altar of Kikubaaqudgha.
 67086 | Crypt:3  | Found a basalt altar of Yredelemnul.
 67126 | Crypt:3  | Found the +2 ratskin cloak {+Rats rPois rN+ Str-1 Int-1
                  | Dex+1}
 67993 | Slime:1  | Entered Level 1 of the Pits of Slime
 68238 | Slime:1  | Gained mutation: Your magical capacity is very low. (-20%
                  | MP) [a shining eye]
 68242 | Slime:1  | Gained mutation: You are agile. (Dex +2) [a shining eye]
 68873 | Slime:2  | Gained mutation: You do not regenerate when monsters are
                  | visible. [a shining eye]
 69260 | Slime:3  | Gained mutation: Scrolls take you a little longer to read.
                  | [a shining eye]
 69264 | Slime:3  | Gained mutation: Scrolls take you longer to read. [a
                  | shining eye]
 69497 | Slime:3  | Gained mutation: You passively map a small area around you.
                  | [a shining eye]
 69502 | Slime:3  | Gained mutation: You tend to lose your temper in combat. [a
                  | shining eye]
 69510 | Slime:3  | Gained mutation: You often lose your temper in combat. [a
                  | shining eye]
 69517 | Slime:3  | Gained mutation: Your body sometimes deteriorates upon
                  | taking damage. [a shining eye]
 70115 | Slime:5  | Entered Level 5 of the Pits of Slime
 70118 | Slime:4  | Lost mutation: You do not regenerate when monsters are
                  | visible. [potion of mutation]
 70118 | Slime:4  | Lost mutation: You are dopey. (Int -2) [potion of mutation]
 70118 | Slime:4  | Lost mutation: Scrolls take you longer to read. [potion of
                  | mutation]
 70118 | Slime:4  | Gained mutation: Your spells are easier to cast, but less
                  | powerful. [potion of mutation]
 70118 | Slime:4  | Gained mutation: You are covered in fur. (AC +1) [potion of
                  | mutation]
 70119 | Slime:4  | Lost mutation: Scrolls take you a little longer to read.
                  | [potion of mutation]
 70119 | Slime:4  | Lost mutation: Your magical capacity is very low. (-20% MP)
                  | [potion of mutation]
 70119 | Slime:4  | Lost mutation: You often lose your temper in combat.
                  | [potion of mutation]
 70119 | Slime:4  | Gained mutation: Your spells are much easier to cast, but
                  | much less powerful. [potion of mutation]
 70119 | Slime:4  | Gained mutation: Your muscles are strong. (Str +2) [potion
                  | of mutation]
 70119 | Slime:4  | Gained mutation: You have a pair of small horns on your
                  | head. [potion of mutation]
 70120 | Slime:4  | Lost mutation: Your body sometimes deteriorates upon taking
                  | damage. [potion of mutation]
 70120 | Slime:4  | Lost mutation: You have a pair of small horns on your head.
                  | [potion of mutation]
 70120 | Slime:4  | Lost mutation: Your muscles are strong. (Str +2) [potion of
                  | mutation]
 70120 | Slime:4  | Gained mutation: You often lose your temper in combat.
                  | [potion of mutation]
 70120 | Slime:4  | Gained mutation: You have a pair of small antennae on your
                  | head. [potion of mutation]
 70121 | Slime:4  | Lost mutation: You have a pair of small antennae on your
                  | head. [potion of mutation]
 70121 | Slime:4  | Lost mutation: Your spells are much easier to cast, but
                  | much less powerful. [potion of mutation]
 70121 | Slime:4  | Gained mutation: You are resistant to electric shocks.
                  | (rElec) [potion of mutation]
 70121 | Slime:4  | Gained mutation: Your muscles are strong. (Str +2) [potion
                  | of mutation]
 70263 | Slime:5  | Noticed the Royal Jelly
 70275 | Slime:5  | Killed the Royal Jelly
 70712 | Slime:5  | Got a crude brass ring
 70713 | Slime:5  | Identified the ring of the Seeker {*Corrode rF+ Str+3 Int+4
                  | Dex+5} (You found it on level 5 of the Pits of Slime)
 70739 | Slime:5  | Got a slimy rune of Zot
 70758 | Slime:5  | Found the +10 morningstar "Eos" {elec, Halo rElec}
 70758 | Slime:5  | Got a pair of pitted gloves
 70759 | Slime:5  | Identified the +1 pair of gloves "Izaitu" {rN+ Int-4
                  | Slay+3} (You found it on level 5 of the Pits of Slime)
 70835 | Slime:5  | Lost mutation: You are agile. (Dex +2) [potion of mutation]
 70835 | Slime:5  | Lost mutation: Your muscles are strong. (Str +2) [potion of
                  | mutation]
 70835 | Slime:5  | Lost mutation: You often lose your temper in combat.
                  | [potion of mutation]
 70835 | Slime:5  | Lost mutation: You tend to lose your temper in combat.
                  | [potion of mutation]
 70835 | Slime:5  | Gained mutation: Your system is resistant to poisons.
                  | (rPois) [potion of mutation]
 70835 | Slime:5  | Gained mutation: You are somewhat resistant to further
                  | mutation. [potion of mutation]
 71354 | Vaults:3 | Bought a scroll of enchant armour for 135 gold pieces
 71354 | Vaults:3 | Bought a scroll of enchant armour for 135 gold pieces
 71667 | Hell     | Entered the Vestibule of Hell
 71667 | Hell     | Noticed Geryon
 72082 | Hell     | Killed Geryon
 72402 | Hell     | Found a gateway to the freezing wastes of Cocytus.
 72503 | Hell     | Found a gateway to the Iron City of Dis.
 72595 | Hell     | Found a gateway to the ashen valley of Gehenna.
 72648 | Hell     | Found a gateway to the decaying netherworld of Tartarus.
 72822 | Tar:1    | Entered Level 1 of Tartarus
 72838 | Tar:1    | Reached skill level 5 in Evocations
 72865 | Tar:1    | You fall into a shaft and drop 1 floor!
 73666 | Tar:7    | Entered Level 7 of Tartarus
 75986 | Tar:7    | Identified Sif Muna's Handbook of Captivating Intoxication
 76071 | Tar:7    | Noticed the Serpent of Hell
 76127 | Tar:7    | Killed the Serpent of Hell
 76331 | Tar:7    | Noticed Ereshkigal
 76389 | Tar:7    | Killed Ereshkigal
 76460 | Tar:7    | Gained mutation: Scrolls take you a little longer to read.
                  | [mutagenic glow]
 76800 | Tar:7    | Identified Yrrue's Handbook of the Frigorific Compass
 76803 | Tar:7    | Identified the Disquisition on Cold and Black Secrets
 76805 | Tar:7    | Identified Sif Muna's Handbook of Evil Talismans
 76809 | Tar:7    | Got a bone rune of Zot
 77646 | Vaults:5 | Entered Level 5 of the Vaults
 77979 | Vaults:5 | Identified the +3 leather armour of the Blizzard {Str+4}
 78421 | Vaults:5 | Identified the ring of Oxuseo {rF+ Stlth-}
 79148 | Vaults:5 | Found the +5 robe of Misfortune {*Contam Harm *Corrode
                  | *Drain *Slow EV+5}
 79190 | Vaults:5 | Found the +8 demon blade "Bloodbane" {slice, *Rage +Rage
                  | Stlth-}
 79197 | Vaults:5 | Identified Sif Muna's Papyrus of Supportive Feathers
 79354 | Vaults:5 | Identified the Compendium of Poisoning and Malediction
 79591 | Vaults:5 | Got a silver rune of Zot
 80019 | Vaults:3 | Bought a scroll of teleportation for 54 gold pieces
 80019 | Vaults:3 | Bought a scroll of teleportation for 54 gold pieces
 80019 | Vaults:3 | Bought a scroll of magic mapping for 63 gold pieces
 80358 | Geh:1    | Entered Level 1 of Gehenna
 80386 | Geh:1    | Reached skill level 27 in Long Blades
 81350 | Geh:7    | Entered Level 7 of Gehenna
 82154 | Geh:7    | Got a bone falchion
 82527 | Geh:7    | Identified the +7 sceptre of Asmodeus
 82527 | Geh:7    | Noticed Asmodeus
 82577 | Geh:7    | Killed Asmodeus
 82635 | Geh:7    | Got an obsidian rune of Zot
 83013 | Dis:1    | Entered Level 1 of the Iron City of Dis
 83809 | Dis:3    | You fall into a shaft and drop 2 floors!
 84162 | Dis:7    | Entered Level 7 of the Iron City of Dis
 85654 | Dis:7    | Reached skill level 27 in Fighting
 85741 | Dis:7    | Got a coiled marble ring
 85791 | Dis:7    | Identified the ring "Nivaman" {rC+ Int+2} (You found it on
                  | level 7 of the Iron City of Dis)
 85809 | Dis:7    | Identified the Papyrus of Dislocation and Snow
 85823 | Dis:7    | Found the cursed necklace of Bloodlust {*Rage +Rage MR++
                  | Int-3 Slay+6 *Curse}
 85958 | Dis:7    | Identified the +4 staff of Dispater
 85958 | Dis:7    | Noticed Dispater
 86227 | Dis:7    | Killed Dispater
 86406 | Dis:7    | Got an iron rune of Zot
 86581 | Coc:1    | Entered Level 1 of Cocytus
 86856 | Coc:7    | Entered Level 7 of Cocytus
 87474 | Coc:7    | Identified the +10 falchion of Grontol {speed, MR+ Dex+2}
 87474 | Coc:7    | Noticed Antaeus
 87480 | Coc:7    | Got an icy rune of Zot
 88483 | Coc:7    | Killed Antaeus
 88767 | Pan      | Entered Pandemonium
 88963 | Pan      | Noticed Baystuun the pandemonium lord
 89007 | Pan      | Killed Baystuun the pandemonium lord
 89267 | Pan      | Got a demonic rune of Zot
 89399 | Pan      | Noticed Nujaykix the pandemonium lord
 89409 | Pan      | Killed Nujaykix the pandemonium lord
 89479 | Pan      | Found an exit through the horrors of the Abyss.
 89652 | Pan      | Noticed Gusof the pandemonium lord
 89666 | Pan      | Killed Gusof the pandemonium lord
 89846 | Pan      | Entered the realm of Lom Lobon.
 90020 | Pan      | Identified the +3 falchion of Gluttony {antimagic, rF+ MR++
                  | Dex+3} (You found it on level 7 of Gehenna)
 90183 | Pan      | Noticed Lom Lobon
 90286 | Pan      | Killed Lom Lobon
 90325 | Pan      | Got a magical rune of Zot
 90470 | Pan      | Entered the realm of Cerebov.
 90615 | Pan      | Identified the +6 sword of Cerebov {flame}
 90615 | Pan      | Noticed Cerebov
 90789 | Pan      | Killed Cerebov
 90863 | Pan      | Identified the ring "Olyluc" {+Inv rPois Slay+3} (You found
                  | it in Pandemonium)
 90924 | Pan      | Identified the Tome of Earthen Snow
 91040 | Pan      | Got a fiery rune of Zot
 91108 | Pan      | Reached skill level 27 in Armour
 91294 | Pan      | Noticed Oreoclyck the pandemonium lord
 91322 | Pan      | Killed Oreoclyck the pandemonium lord
 91862 | Pan      | Found an exit through the horrors of the Abyss.
 91953 | Pan      | Noticed Equi the pandemonium lord
 92013 | Pan      | Entered the realm of Mnoleg.
 92036 | Pan      | Killed Equi the pandemonium lord
 92153 | Pan      | Found an exit through the horrors of the Abyss.
 92223 | Pan      | Gained mutation: You are clumsy. (Dex -2) [a cacodemon]
 92290 | Pan      | Noticed Mnoleg
 92308 | Pan      | Killed Mnoleg
 92448 | Pan      | Got a glowing rune of Zot
 92687 | Pan      | Found an exit through the horrors of the Abyss.
 92831 | Pan      | Entered the realm of Gloorx Vloq.
 92860 | Pan      | Reached skill level 27 in Shields
 93130 | Pan      | Noticed Gloorx Vloq
 93149 | Pan      | Killed Gloorx Vloq
 93149 | Pan      | Reached skill level 10 in Evocations
 93274 | Pan      | Got a dark rune of Zot
 93758 | Pan      | Found a huge runed translucent gate.
 94033 | Pan      | Gained mutation: You are weak. (Str -2) [a neqoxec]
 94059 | Pan      | Found an exit through the horrors of the Abyss.
 94059 | Pan      | Noticed Mennas
 94090 | Pan      | Killed Mennas
 94098 | Pan      | Took an exit into the Abyss.
 94098 | Abyss:1  | Escaped into the Abyss
 94119 | Abyss:1  | Found a shimmering altar of Xom.
 94119 | Abyss:1  | Found a shimmering altar of Xom.
 94119 | Abyss:1  | Found a shimmering altar of Xom.
 94120 | Abyss:1  | Found a shimmering altar of Xom.
 94120 | Abyss:1  | Found a corrupted altar of Lugonu.
 94121 | Abyss:1  | Found a shimmering altar of Xom.
 94121 | Abyss:1  | Found a shimmering altar of Xom.
 94121 | Abyss:1  | Found a shimmering altar of Xom.
 94121 | Abyss:1  | Found a shimmering altar of Xom.
 94121 | Abyss:1  | Found a shimmering altar of Xom.
 94121 | Abyss:1  | Found a shimmering altar of Xom.
 94124 | Abyss:1  | Found a shimmering altar of Xom.
 94308 | Abyss:1  | Paralysed by accursed screaming for 2 turns
 94314 | Depths:3 | Escaped the Abyss
 94393 | Zig:1    | Entered Level 1 of a ziggurat
 94410 | Zig:2    | Entered Level 2 of a ziggurat
 94424 | Zig:2    | Identified the Collected Works on Bewitching Enhancements
 94428 | Zig:3    | Entered Level 3 of a ziggurat
 94439 | Zig:3    | Got a sparkling platinum ring
 94442 | Zig:3    | Identified the ring "Nirghoxy" {Wiz rF+ Str+6 Slay-2
                  | Stlth+} (You found it on level 3 of a ziggurat)
 94459 | Zig:4    | Entered Level 4 of a ziggurat
 94500 | Zig:5    | Entered Level 5 of a ziggurat
 94553 | Zig:5    | Identified the Incunabulum of the Compass and Companions
 94567 | Zig:6    | Entered Level 6 of a ziggurat
 94680 | Zig:7    | Entered Level 7 of a ziggurat
 94754 | Zig:8    | Entered Level 8 of a ziggurat
 94763 | Zig:8    | Noticed Ruqegiex the pandemonium lord
 94780 | Zig:8    | Reached skill level 15 in Evocations
 94804 | Zig:8    | Killed Ruqegiex the pandemonium lord
 95376 | Tomb:1   | Entered Level 1 of the Tomb of the Ancients
 95820 | Tomb:1   | Noticed a greater mummy
 95831 | Tomb:1   | Killed a greater mummy
 95986 | Tomb:1   | Noticed a greater mummy
 96066 | Tomb:1   | Killed a greater mummy
 96501 | Tomb:2   | Noticed a greater mummy
 96506 | Tomb:2   | Noticed a greater mummy
 96508 | Tomb:2   | Noticed a greater mummy
 96637 | Tomb:2   | Killed a greater mummy
 96688 | Tomb:2   | Killed a greater mummy
 96708 | Tomb:2   | Killed a greater mummy
 96715 | Tomb:2   | Noticed a greater mummy
 96789 | Tomb:2   | Killed a greater mummy
 97289 | Tomb:1   | Noticed a greater mummy
 97290 | Tomb:1   | Noticed a greater mummy
 97302 | Tomb:1   | Killed a greater mummy
 97310 | Tomb:1   | Noticed a greater mummy
 97327 | Tomb:1   | Noticed a greater mummy
 97338 | Tomb:1   | Killed a greater mummy
 97344 | Tomb:1   | Killed a greater mummy
 97345 | Tomb:1   | Killed a greater mummy
 97400 | Tomb:1   | Noticed a greater mummy
 97412 | Tomb:1   | Killed a greater mummy
 97414 | Tomb:1   | Noticed a greater mummy
 97415 | Tomb:1   | Noticed a greater mummy
 97418 | Tomb:1   | Noticed a greater mummy
 97426 | Tomb:1   | Killed a greater mummy
 97426 | Tomb:1   | Noticed a greater mummy
 97429 | Tomb:1   | Noticed a greater mummy
 97432 | Tomb:1   | Noticed a greater mummy
 97602 | Tomb:1   | Noticed a greater mummy
 97610 | Tomb:1   | Killed a greater mummy
 97920 | Tomb:1   | Killed a greater mummy
 97936 | Tomb:1   | Killed a greater mummy
 97945 | Tomb:1   | Killed a greater mummy
 98260 | Tomb:1   | Noticed a greater mummy
 98273 | Tomb:1   | Killed a greater mummy
 98286 | Tomb:1   | Killed a greater mummy
 98374 | Tomb:1   | Killed a greater mummy
 98451 | Tomb:1   | Noticed a greater mummy
 98451 | Tomb:1   | Noticed a greater mummy
 98468 | Tomb:1   | Killed a greater mummy
 98469 | Tomb:1   | Noticed a greater mummy
 98482 | Tomb:1   | Killed a greater mummy
 98494 | Tomb:1   | Killed a greater mummy
 98606 | Tomb:1   | Noticed a greater mummy
 98619 | Tomb:1   | Killed a greater mummy
 98652 | Tomb:1   | Noticed a greater mummy
 98665 | Tomb:1   | Killed a greater mummy
 98694 | Tomb:1   | Noticed a greater mummy
 98695 | Tomb:1   | Noticed a greater mummy
 98707 | Tomb:1   | Killed a greater mummy
 98714 | Tomb:1   | Killed a greater mummy
 98852 | Tomb:1   | Noticed a greater mummy
 98856 | Tomb:1   | Noticed a greater mummy
 98863 | Tomb:1   | Killed a greater mummy
 98876 | Tomb:1   | Killed a greater mummy
100225 | Tomb:3   | Entered Level 3 of the Tomb of the Ancients
100232 | Tomb:3   | Noticed a greater mummy
100233 | Tomb:3   | Noticed a greater mummy
100236 | Tomb:3   | Noticed a greater mummy
100249 | Tomb:3   | Noticed a greater mummy
100444 | Tomb:3   | Noticed a greater mummy
100444 | Tomb:3   | Noticed a greater mummy
100445 | Tomb:3   | Noticed a greater mummy
100447 | Tomb:3   | Noticed a greater mummy
100447 | Tomb:3   | Noticed a greater mummy
100455 | Tomb:3   | Got a golden rune of Zot
100484 | Tomb:3   | HP: 10/323 [mummy priest/divine providence (12)]
100485 | Tomb:3   | HP: 4/323 [ushabti] (6)]
100486 | Tomb:3   | Engulfed by an ushabti's foul pestilence

Levels and vault maps discovered:
D:1:      nzn_arrival_depleted_hourglass, layout_basic
D:2:      layout_basic
D:3:      layout_rooms, amethyst_overflow_temple_binary, uniq_terence,
          uniq_natasha
D:4:      layout_loops_cross, lemuel_crystal_altar, serial_glass,
          glass_columns_a, glass_columns_a, due_unseen_surprise,
          feat_on_display, feat_on_display, kennysheep_generic_room_13
D:5:      kennysheep_spiral_hall, layout_layer_cave, minitemple, serial_shops,
          shop_fountains, first_ration
D:6:      layout_loops_ring, minmay_temple_entry_drinking_statues, serial_glass,
          glass_columns_b, glass_columns_a, item_on_display_a,
          due_unseen_surprise, item_on_display_a, minmay_strange_pillars,
          hex_tiny, uniq_crazy_yiuf_cottage, uniq_sigmund, uniq_blork_the_orc,
          uniq_pikel
D:7:      layout_cave_pools, xom_butterflies
D:8:      layout_basic, lair_entry_dummy, enter_ossuary_3, blue_anna_alchemist
          [blue_anna_fruit_fields, blue_anna_fruit_fields], uniq_harold
D:9:      layout_roguey, basic_altar, hangedman_decor_lopped
D:10:     layout_cave_pods
D:11:     layout_basic, serial_shops, shop, cheibriados_altar_1
D:12:     layout_irregular_city, kennysheep_orc_monster_closet_entryway,
          fedhas_altar_1
D:13:     layout_basic, uniq_erolcha
D:14:     layout_roguey, lightli_vaults_fourway_checkpoint,
          minmay_misc_feat_nine_boxes, serial_glass, glass_columns_b,
          glass_columns_a, grunt_ministairs_13
D:15:     grunt_enter_depths_snipers, layout_basic, solitary_fountain
Lair:1:   layout_cave_pods, minmay_lair_oklob_chamber, uniq_prince_ribbit2
Lair:2:   layout_misc_corridors, uniq_gastronok
Lair:3:   layout_regular_city, minmay_shoals_entry_centaurs,
          minmay_snake_entry_six_corridors, beast_lair_carwin_2,
          lemuel_fruit_tree, uniq_nergalle
Lair:4:   layout_regular_city, basic_altar
Lair:5:   layout_small_grid, grunt_megastairs_4
Lair:6:   grunt_lair_end_beastmaster, layout_small_grid, slime_altar_1,
          serial_bayou_shore_a
Shoals:1: layout_shoals, serial_shops, shop, regret_index_shoals_crete,
          uniq_roxanne, uniq_frances
Shoals:2: layout_shoals, serial_shops, shop, nicolae_shop_crystal, shop,
          nicolae_shop_trees, shop, ldierk_geyser
Shoals:3: layout_shoals, uniq_ilsuiw, uniq_polyphemus
Shoals:4: shoals_end_simple, layout_shoals, serial_shops, shop,
          nicolae_shop_stone, shop
Snake:1:  layout_onion, serial_bayou, serial_bayou_pond_e,
          serial_bayou_lagoon_a, serial_bayou_pond_c, serial_bayou_shore_b
Snake:2:  layout_honeycomb, ebering_ghost_disaster_area, uniq_saint_roka
Snake:3:  layout_layer_cave, statue_in_the_mist_lemuel, serial_bayou_shore_b,
          grunt_megastairs_5, minmay_shoptagon, uniq_vashnia
Snake:4:  minmay_snake_end_coiled, layout_cave_town, uniq_aizul, uniq_bai_suzhen
Slime:1:  layout_caves, cheibrodos_slime_lost_civilization_5
Slime:2:  cheibrodos_slime_lost_civilization_3, layout_caves
Slime:3:  layout_caves
Slime:4:  layout_caves
Slime:5
Orc:1:    layout_caves
Orc:2:    st_orc_mages, layout_diamond_mine, serial_shops, shop, uniq_rupert
Elf:1:    layout_onion_city, serial_shops, shop,
          hangedman_elven_crosses_minicolossus
Elf:2:    layout_geoelf_diagonals, serial_shops, shop, uniq_louise
Elf:3:    minmay_elf_hall_furrowed, layout_loops_cross, serial_shops,
          nicolae_shop_stone, special_room [special_room_orc]
Vaults:1: grunt_vaults_focal, ontoclasm_vaults_pinch, vaults_room_glass_cross,
          ontoclasm_vaults_claustrophobia, grunt_vaults_hallway_short,
          nicolae_vaults_network_barrier, nicolae_vaults_theta,
          vaults_dpeg_encased_lava, ontoclasm_vaults_gateway,
          hangedman_vaults_pinch, v_pattern_2, nicolae_vaults_little_squares_1,
          grunt_vaults_trifunnel, vaults_room_hallway, vaults_room_pools,
          v_alt_pattern_1, hangedman_vaults_locks, layout_vaults_omnibox,
          serial_shops, nicolae_shop_waterfront, serial_glass
Vaults:2: v_misc_9, vaults_mumra_minichess_inversion,
          nicolae_vaults_little_squares_3, nicolae_vaults_network_periphery,
          grunt_vaults_funnel, minmay_crypt_entry_simple_walls,
          ontoclasm_vaults_shuriken, nicolae_vaults_diagonal_hallway_9,
          grunt_vaults_twisty, vaults_room_mumra_shop_pool,
          vaults_room_door_ring, hangedman_vaults_maws, layout_vaults_ring,
          portal_desolation_entry_ruin, uniq_frederick
Vaults:3: v_misc_12, v_rooms_3, vaults_room_hallway,
          ontoclasm_vaults_ring_small, nicolae_vaults_alarming, v_misc_13,
          v_alt_pattern_2, nicolae_vaults_little_squares_6,
          vaults_standard_mumra_enter_the_diamond, ontoclasm_vaults_idyll,
          grunt_vaults_swirl, v_misc_23, vaults_room_pools, layout_vaults_maze,
          serial_shops, shop
Vaults:4: vaults_room_grunt_arrival_ludios, vaults_room_grid,
          ontoclasm_vaults_ligature, hangedman_vaults_cutoff, vaults_room_fours,
          hangedman_vaults_nails, layout_vaults_omnigrid
Vaults:5
Crypt:1:  layout_gridlike, grunt_crypt_arrival_webbed, uniq_donald
Crypt:2:  layout_rooms, ebering_ghost_inner_flame
Crypt:3:  lightli_unholy_cathedral, layout_chaotic_city,
          nicolae_tomb_entry_rubble_hallway, small_statue_intersection,
          weyrava_lich_vault, uniq_sojobo
Tomb:1
Tomb:2
Tomb:3
Depths:1: layout_basic, serial_sigils_hangedman_scratch, hell_entry,
          abyss_entry_flame_altar, chequers_serial_rivers_marsh,
          minmay_pinched_square, uniq_asterion
Depths:2: radiant_caverns_a_rkd, hell_entry, abyss_entry, serial_shops
Depths:3: little_maze_vault, layout_cave_shapes, abyss_entry, pan_entry,
          hell_entry, nicolae_lava_and_water, dk_noncrumbling_2
Depths:4: minmay_distorted_concentric_squares, layout_basic, enter_ziggurat_b,
          hell_entry, infiniplex_staircase_split_hallway,
          abyss_entry_small_statue_room
Depths:5: grunt_crosshair, layout_gridlike, pf_vacation_house_of_asmodeus,
          abyss_entry, lemuel_statue_altar, uniq_margery
Hell
Dis:1:    layout_subdivisions
Dis:2:    layout_regular_city
Dis:3:    hangedman_iron_city_apartments, layout_gridville
Dis:5:    layout_jigsaw
Dis:6:    layout_regular_city
Dis:7:    iron_city_of_dis [dis_mu, dis_wall_3], layout_chaotic_city
Geh:1:    layout_gehenna_pools_triple
Geh:2:    layout_gehenna_lava_caves, nicolae_geh_single_fiery_grave
Geh:3:    layout_gehenna_lava_caves
Geh:4:    layout_gehenna_pools_basic
Geh:5:    layout_gehenna_pools_basic, lemuel_hellion_isle
Geh:6:    layout_gehenna_lava_caves
Geh:7:    geh_grunt_pentagon
Coc:1:    layout_cocytus_water_paths
Coc:2:    layout_cocytus_water_paths
Coc:3:    layout_cocytus_water_paths
Coc:4:    layout_ice_bergs
Coc:5:    layout_ice_bergs, lemuel_elevator
Coc:6:    layout_cocytus_water_paths
Coc:7:    coc_hangedman
Tar:1:    layout_grid_maze
Tar:2:    layout_grid_maze
Tar:3:    layout_catacombs
Tar:4:    layout_honeycomb
Tar:5:    layout_honeycomb
Tar:6:    layout_grid_maze, nicolae_tar_cuneiform_heaven, grunt_megastairs_2
Tar:7:    tar_minmay_river

Skill      XL: |  1  2  3  4  5  6  7  8  9 10 11 12 13 14 15 16 17 18 19 20 21 22 23 24 25 26 27 |
---------------+----------------------------------------------------------------------------------+-----
Fighting       | 2 3 4 5 6 7 8 9 10 12 13 14 15 16 17 27 | 27.0
Armour         | 2 3 4 5 7 8 10 11 12 13 14 15 16 17 18 27 | 27.0
Shields        | 1 4 5 6 8 9 11 12 13 14 15 16 17 19 20 21 22 27 | 27.0
Dodging        | 0 |  0.0
Long Blades    | 4 11 14 16 17 18 19 20 27 | 27.0
Necromancy     | 6 7 9 11 | 11.0
Charms         | 5 6 8 10 11 | 11.0
Spellcasting   | 3 5 6 9 |  9.0
Evocations     | 21 | 21.9
Short Blades   | |  0.8
Throwing       | |  0.5

Action                   |  1- 3 |  4- 6 |  7- 9 | 10-12 | 13-15 | 16-18 | 19-21 | 22-24 | 25-27 || total
-------------------------+-------+-------+-------+-------+-------+-------+-------+-------+-------++-------
Melee: Short sword       |   143 |    24 |       |       |  1012 |       |       |       |       ||  1179
       Flail             |       |    73 |    64 |    65 |       |       |       |       |       ||   202
       Kick              |       |    14 |    72 |   215 |   598 |   547 |   863 |   548 |  6022 ||  8879
       War axe           |       |       |   206 |   599 |   262 |       |       |       |       ||  1067
       Scimitar          |       |       |       |       |    73 |  1366 |  1826 |  1027 | 10310 || 14602
Throw: Dart              |       |     1 |       |    11 |    19 |       |       |       |       ||    31
       Throwing net      |       |       |       |     2 |     3 |       |       |       |       ||     5
       Javelin           |       |       |       |       |     9 |    22 |     3 |       |    23 ||    57
 Cast: Regeneration      |       |       |       |       |       |       |       |       |   434 ||   434
       Song of Slaying   |       |       |       |       |       |       |       |       |    43 ||    43
Invok: Sacrifice Health  |       |     1 |       |       |       |       |       |       |       ||     1
       Sacrifice Love    |       |       |     1 |       |       |       |       |       |       ||     1
       Sacrifice Nimblen |       |       |       |     1 |       |       |       |       |       ||     1
       Reject Sacrifices |       |       |       |     2 |     2 |     1 |     2 |       |       ||     7
       Power Leap        |       |       |       |     2 |    14 |    11 |    17 |     7 |   128 ||   179
       Draw Out Power    |       |       |       |     1 |     3 |     1 |     1 |     2 |    37 ||    45
       Sacrifice Essence |       |       |       |     1 |       |       |     1 |       |       ||     2
       Sacrifice Stealth |       |       |       |       |     1 |       |       |       |       ||     1
       Apocalypse        |       |       |       |       |       |     3 |     2 |       |     2 ||     7
       Sacrifice Arcana  |       |       |       |       |       |       |       |     1 |       ||     1
Evoke: Wand              |     3 |     2 |     7 |    21 |    14 |     5 |     5 |       |     9 ||    66
       Lightning rod     |       |       |       |       |     5 |     8 |       |       |    19 ||    32
       Fan of gales      |       |       |       |       |       |     1 |       |       |     4 ||     5
       Phial of floods   |       |       |       |       |       |     1 |       |       |       ||     1
  Use: Scroll            |       |     1 |     7 |    14 |    19 |     5 |    20 |    10 |    73 ||   149
       Potion            |       |       |       |     3 |     2 |     3 |     1 |     6 |    50 ||    65
 Stab: Sleeping          |       |     1 |       |       |       |       |       |       |       ||     1
       Distracted        |       |       |     1 |     2 |     4 |     3 |    10 |     6 |    72 ||    98
       Invisible         |       |       |     3 |     4 |     7 |    13 |    12 |     3 |    45 ||    87
       Petrified         |       |       |       |       |     3 |     1 |       |       |       ||     4
       Petrifying        |       |       |       |       |     2 |       |       |       |       ||     2
       Paralysed         |       |       |       |       |     2 |    13 |     6 |     1 |    35 ||    57
       Held in net/web   |       |       |       |       |     2 |       |       |       |       ||     2
  Eat: Chunk             |     3 |     8 |    10 |    22 |    37 |    29 |    26 |    14 |    50 ||   199
       Ration            |       |       |       |     4 |     4 |     1 |     3 |     2 |    38 ||    52
Armor: Leather armour    |    14 |       |       |       |       |       |       |       |       ||    14
       Ring mail         |    22 |     6 |       |       |       |       |       |       |       ||    28
       Chain mail        |       |    21 |    12 |       |       |       |       |       |       ||    33
       Plate armour      |       |       |   138 |   392 |   545 |       |       |       |       ||  1075
       Crystal plate arm |       |       |       |       |    47 |   691 |   377 |       |       ||  1115
       Gold dragon scale |       |       |       |       |       |       |   316 |   494 |  4859 ||  5669
Dodge: Dodged            |    79 |    21 |     4 |    11 |    21 |    15 |    28 |    18 |   406 ||   603
       Deflected         |       |       |       |       |     2 |     1 |     6 |     1 |     4 ||    14
Block: Large shield      |       |    28 |   227 |   793 |   432 |       |   281 |  1024 | 12028 || 14813
       Shield            |       |       |       |       |   548 |   809 |   842 |       |       ||  2199
       Rpst.: Scimitar   |       |       |       |       |       |     1 |    14 |     4 |    65 ||    84
